 Dungeon Crawl Stone Soup version 0.31-a0-1172-g9944ec47dd (webtiles) character file.

Game seed: 14921758586912518034

1121596 ytrimaz the Intangible (level 27, -3/244 (249) HPs)
             Began as a Merfolk Shapeshifter on Dec 8, 2023.
             Was the Champion of Ru.
             Killed by divine providence
             ... invoked by a royal mummy
              (16 damage)
             ... on level 1 of the Tomb of the Ancients on Dec 10, 2023.
             The game lasted 02:36:07 (87894 turns).

ytrimaz the Intangible (Merfolk Shapeshifter)      Turns: 87894, Time: 02:36:07

HP:   -3/244 (249)  AC: 15    Str: 14 (16) XL:     27
MP:   38/45         EV: 74    Int: 11      God:    Ru [******]
Gold: 13962         SH:  0    Dex: 33 (36) Spells: 50/62 levels left

rFire   + +          .
                       - Unarmed
rCold   + . .        (shield unavailable)
rNeg    + + .        r - melded +1 steam dragon scales
rPois   ∞            (helmet currently unavailable)
rElec   +            D - melded +1 cloak of Lies {+Inv rN+ Will- rCorr}
rCorr   .            S - melded +2 pair of gloves
SInv    .            L - melded +3 pair of mountain boots {steadfast, rC+}
Will    +++..        X - macabre finger necklace {Finger+ rN+} Stlth *+++++++++
                     (ring unavailable)
HPRegen 0.60/turn    Y - ring "Luheqydd" {rF+ rC+ Will+ Str-2 Int+2}
MPRegen 0.29/turn    v - ring "Funatuw" {*Slow rF+ rN+ Str+3 Dex+4}

%: slow self (1%)
@: exhausted, storm-form, wereblooded, flying, slowed, studying 2 skills,
lightly drained, very slow
A: cleaving, insubstantial, flying, no potion heal 1, missing a hand, inability
to use devices, inability to train armour, (nimble swimmer 2), (mertail), agile
1, sense surroundings 1, (cold vulnerability 1), inability to read after injury
1
}: 14/15 runes: decaying, slimy, silver, iron, obsidian, icy, bone, abyssal,
demonic, glowing, magical, fiery, dark, gossamer
a: Blinkbolt, Begin Untransformation, Renounce Religion, Draw Out Power, Power
Leap, Apocalypse


You were on level 1 of the Tomb of the Ancients.
You worshipped Ru.
Ru was exalted by your worship.
You were a lightning-filled tempest!
You visited 17 branches of the dungeon, and saw 81 of its levels.
You visited Pandemonium 1 time, and saw 10 of its levels.
You visited the Abyss 2 times.
You also visited: Gauntlet.

You collected 15584 gold pieces.
You spent 1622 gold pieces at shops.


Innate Abilities, Weirdness & Mutations

You are a lightning-filled tempest!
Your electrical attacks strike out in all directions at once.
You are incredibly evasive.
Your insubstantial body is immune to petrification, constriction, and being set on fire You are flying.
Your armour is entirely melded.
You are incapable of wielding weapons or throwing items.
You are immune to poison.
Potions are less effective at restoring your health.
You are missing a hand.
You cannot study or use magical devices.
You cannot train Armour skill.
((You are very nimble when in or above water. (Stealth+, EV+, Speed+++)))
((Your lower body shifts to a powerful aquatic tail in water.))
You are agile. (Dex +4, Str/Int -1)
You passively map a small area around you.
((You are vulnerable to cold. (rC-)))
You occasionally lose the ability to read scrolls when taking damage.


   Skills:
 O Level 27 Fighting
 O Level 27 Dodging
 O Level 27 Stealth
 O Level 27 Unarmed Combat
 - Level 18.4 Spellcasting
 + Level 10.7 Conjurations
 - Level 24.0 Transmutations
 O Level 27 Shapeshifting


You had 50 spell levels left.
You knew the following spells:

 Your Spells              Type           Power      Damage    Failure   Level
a - Wereblood             Tmut           58%        N/A       0%          2
b - Irradiate             Conj/Tmut      24%        3d19      1%          5
c - Yara's Violent Unrav  Hex/Tmut       18%        3d9       1%          5

Your spell library contained the following spells:

 Spells                   Type           Power      Damage    Failure   Level
 Kiss of Death            Conj/Necr      84%        2d11      1%          1
 Magic Dart               Conj           100%       1d8       1%          1
 Shock                    Conj/Air       84%        1d8       1%          1
 Sting                    Tmut/Pois      100%       1d8       1%          1
 Momentum Strike          Conj/Tloc      42%        3d9       1%          2
 Passwall                 Tmut/Erth      30%        N/A       1%          2
 Searing Ray              Conj           66%        2d6       1%          2
 Static Discharge         Conj/Air       42%        3-5/arc   1%          2
 Dazzling Flash           Conj/Hex       42%        N/A       1%          3
 Hailstorm                Conj/Ice       21%        3d7       1%          3
 Ignite Poison            Fire/Tmut/Pois 27%        N/A       1%          3
 Stone Arrow              Conj/Erth      42%        3d9       1%          3
 Petrify                  Tmut/Erth      36%        N/A       1%          4
 Alistair's Intoxication  Tmut/Pois      24%        N/A       1%          5
 Iskenderun's Battlesphe  Conj           33%        2d9       1%          5
 Mephitic Cloud           Conj/Pois/Air  18%        N/A       3%          3
 Freeze                   Ice            40%        1d6       5%          1
 Necrotise                Necr           40%        1d6       5%          1
 Sandblast                Erth           20%        2d7       5%          1
 Slow                     Hex            40%        N/A       5%          1
 Summon Small Mammal      Summ           40%        N/A       5%          1
 Brom's Barrelling Bould  Conj/Erth      21%        2d4       6%          4
 Flame Wave               Conj/Fire      21%        2d8       6%          4
 Fulminant Prism          Conj/Hex       10%        3d9       6%          4
 Iskenderun's Mystic Bla  Conj/Tloc      21%        2d6       6%          4
 Sticky Flame             Conj/Fire      21%        2d4       6%          4
 Eringya's Noxious Bog    Tmut/Pois      18%        4d6       6%          6
 Blink                    Tloc           20%        N/A       9%          2
 Call Imp                 Summ           20%        N/A       9%          2
 Cigotuvi's Dreadful Rot  Necr/Pois/Air  20%        N/A       9%          2
 Ensorcelled Hibernation  Hex/Ice        20%        N/A       9%          2
 Jinxbite                 Hex            20%        N/A       9%          2
 Lesser Beckoning         Tloc           20%        N/A       9%          2
 Poisonous Vapours        Pois/Air       20%        N/A       9%          2
 Call Canine Familiar     Summ           10%        N/A       16%         3
 Confusing Touch          Hex            10%        N/A       16%         3
 Frozen Ramparts          Ice            20%        1d4       16%         3
 Gell's Gravitas          Tloc           10%        N/A       16%         3
 Inner Flame              Hex/Fire       10%        N/A       16%         3
 Ozocubu's Armour         Ice            10%        N/A       16%         3
 Sigil of Binding         Hex            10%        N/A       16%         3
 Summon Guardian Golem    Hex/Summ       10%        N/A       16%         3
 Swiftness                Air            10%        N/A       16%         3
 Teleport Other           Tloc           10%        N/A       16%         3
 Tukima's Dance           Hex            10%        N/A       16%         3
 Vampiric Draining        Necr           10%        2d6       16%         3
 Volatile Blastmotes      Fire/Tloc      20%        2d11      16%         3
 Arcjolt                  Conj/Air       10%        1d20      17%         5
 Fireball                 Conj/Fire      10%        3d6       17%         5
 Freezing Cloud           Conj/Ice/Air   9%         6-21      34%         5
 Airstrike                Air            5%         2d(1-17)  47%         4
 Anguish                  Hex/Necr       5%         N/A       47%         4
 Animate Armour           Summ/Erth      20%        N/A       47%         4
 Cause Fear               Hex            5%         N/A       47%         4
 Dimensional Bullseye     Hex/Tloc       5%         N/A       47%         4
 Dispel Undead            Necr           10%        3d9       47%         4
 Leda's Liquefaction      Hex/Erth       5%         N/A       47%         4
 Manifold Assault         Tloc           10%        N/A       47%         4
 Olgreb's Toxic Radiance  Pois           10%        N/A       47%         4
 Passage of Golubria      Tloc           10%        N/A       47%         4
 Summon Ice Beast         Ice/Summ       10%        N/A       47%         4
 Summon Lightning Spire   Summ/Air       10%        N/A       47%         4
 Vhi's Electric Charge    Tloc/Air       20%        N/A       47%         4
 Bombard                  Conj/Erth      10%        9d3       67%         6
 Starburst                Conj/Fire      10%        6d5       67%         6
 Agony                    Necr           10%        N/A       83%         5
 Borgnjor's Vile Clutch   Necr/Erth      5%         N/A       83%         5
 Lee's Rapid Deconstruct  Erth           5%         3d6*      83%         5
 Metabolic Englaciation   Hex/Ice        5%         N/A       83%         5
 Summon Forest            Summ/Tloc      5%         N/A       83%         5
 Summon Mana Viper        Hex/Summ       10%        N/A       83%         5
 Spellforged Servitor     Conj/Summ      10%        N/A       99%         7
 Death Channel            Necr           5%         N/A       100%        6
 Dispersal                Tloc           5%         N/A       100%        6
 Plasma Beam              Fire/Air       5%         2x1d15    100%        6
 Simulacrum               Ice/Necr       5%         N/A       100%        6
 Summon Cactus Giant      Summ           5%         N/A       100%        6
 Enfeeble                 Hex            5%         N/A       100%        7
 Haunt                    Necr/Summ      5%         N/A       100%        7
 Malign Gateway           Summ/Tloc      5%         N/A       100%        7
 Monstrous Menagerie      Summ           5%         N/A       100%        7
 Ozocubu's Refrigeration  Ice            5%         4d8       100%        7
 Summon Hydra             Summ           5%         N/A       100%        7
 Borgnjor's Revivificati  Necr           5%         N/A       100%        8
 Discord                  Hex            5%         N/A       100%        8
 Disjunction              Tloc           5%         N/A       100%        8
 Ignition                 Fire           5%         3d4       100%        8
 Lehudib's Crystal Spear  Conj/Erth      10%        10d4      100%        8
 Maxwell's Capacitive Co  Air            5%         ∞         100%        8
 Summon Horrible Things   Summ           5%         N/A       100%        8
 Chain Lightning          Conj/Air       10%        3d14      100%        9
 Death's Door             Necr           5%         N/A       100%        9
 Dragon's Call            Summ           5%         N/A       100%        9
 Fire Storm               Conj/Fire      10%        8d3       100%        9
 Shatter                  Erth           5%         3d8*      100%        9
 Sublimation of Blood     Necr           Unusable   N/A       N/A         2

Inventory:

Missiles
 B - 6 throwing nets
Armour
 r - +1 steam dragon scales (melded)
   (You found it on level 7 of the Dungeon)
 D - the +1 cloak of Lies (melded) {+Inv rN+ Will- rCorr}
   (You bought it in a shop on level 5 of the Dungeon)

   rN+:       It protects you from negative energy.
   Will-:     It decreases your willpower.
   +Inv:      It lets you turn invisible.
   rCorr:     It protects you from acid and corrosion.
 L - the +3 pair of mountain boots (melded) {steadfast, rC+}
   (You found it on level 3 of the Elven Halls)

   Steadfast: It prevents involuntary movement, except for blinking,
   teleportation, or banishment.
   rC+:       It protects you from cold.
 S - a +2 pair of gloves (melded)
   (You found it on level 3 of the Elven Halls)
Jewellery
 a - the ring of the Blushing Gods {rElec rN+ MP+9 Dex+4}
   (You took it off Dispater on level 7 of the Iron City of Dis)

   [ring of magical power]

   Dex+4:     It affects your dexterity (+4).
   rElec:     It insulates you from electricity.
   rN+:       It protects you from negative energy.
   MP+9:      It affects your magic capacity (+9).
 c - an amulet of regeneration
   (You took it off a necromancer on level 1 of the Crypt)
 d - the ring of Roasumosh {rCorr SInv}
   (You found it in Pandemonium)

   [ring of see invisible]

   SInv:      It lets you see invisible.
   rCorr:     It protects you from acid and corrosion.
 p - a ring of Getuah {rElec rN+ rCorr Dex+4}
   (You found it on level 3 of the Crypt)

   [ring of positive energy]

   Dex+4:     It affects your dexterity (+4).
   rElec:     It insulates you from electricity.
   rN+:       It protects you from negative energy.
   rCorr:     It protects you from acid and corrosion.
 v - a ring "Funatuw" (on amulet) {*Slow rF+ rN+ Str+3 Dex+4}
   (You found it on level 3 of the Crypt)

   [ring of positive energy]

   Str+3:     It affects your strength (+3).
   Dex+4:     It affects your dexterity (+4).
   rF+:       It protects you from fire.
   rN+:       It protects you from negative energy.
   *Slow:     It may slow you when you take damage.
 E - the ring "Wagiacaf" {rElec Will+ Dex+6}
   (You found it on level 5 of the Pits of Slime)

   [ring of dexterity]

   Dex+6:     It affects your dexterity (+6).
   rElec:     It insulates you from electricity.
   Will+:     It increases your willpower.
 M - the amulet "Qiskor" {Spirit rF+ Will++ SInv}
   (You acquired it on level 3 of the Lair of Beasts)

   [amulet of guardian spirit]

   Spirit:    It causes incoming damage to be divided between your reserves of
   health and magic.
   rF+:       It protects you from fire.
   Will++:    It greatly increases your willpower.
   SInv:      It lets you see invisible.
 Q - a ring of willpower
   (You found it on level 2 of the Tomb of the Ancients)
 R - the ring of Bodily Harmony {rElec rPois rCorr Stlth+}
   (You took it off an efreet in Pandemonium)

   [ring of resist corrosion]

   rElec:     It insulates you from electricity.
   rPois:     It protects you from poison rCorr: It protects you from acid and
   corrosion.
   Stlth+:    It makes you more stealthy.
 V - the amulet "Nekkus" {Reflect rN+ rCorr Dex+3 SH+5}
   (You took it off an ironbound convoker on level 5 of the Vaults)

   [amulet of reflection]

   Reflect:   It reflects blocked missile attacks.
   Dex+3:     It affects your dexterity (+3).
   rN+:       It protects you from negative energy.
   rCorr:     It protects you from acid and corrosion.
   SH+5:      It affects your SH (+5).
 X - the macabre finger necklace (around neck) {Finger+ rN+}
   (You found it on level 5 of the Pits of Slime)

   [amulet of nothing]

   Finger+:   It enables you to equip an extra ring.
   rN+:       It protects you from negative energy.
 Y - the ring "Luheqydd" (right fist) {rF+ rC+ Will+ Str-2 Int+2}
   (You took it off a deep elf death mage on level 3 of the Elven Halls)

   [ring of willpower]

   Str-2:     It affects your strength (-2).
   Int+2:     It affects your intelligence (+2).
   rF+:       It protects you from fire.
   rC+:       It protects you from cold.
   Will+:     It increases your willpower.
Talismans
 o - the storm talisman of the Pure Knaves (active) {Dex+3}
   (You found it on level 5 of the Vaults)

   [storm talisman]

   Dex+3:     It affects your dexterity (+3).
 G - a dragon-blood talisman
   (You found it on level 10 of the Dungeon)
 T - the granite talisman of Tiung {rC+ MP+9 Str-4}
   (You found it on level 5 of the Pits of Slime)

   [granite talisman]

   Str-4:     It affects your strength (-4).
   rC+:       It protects you from cold.
   MP+9:      It affects your magic capacity (+9).
 Z - a talisman of death
   (You found it on level 5 of the Pits of Slime)
Scrolls
 b - a scroll of silence
 e - 3 scrolls of summoning
 g - 11 scrolls of poison
 h - 10 scrolls of amnesia
 j - 12 scrolls of vulnerability
 k - 8 scrolls of torment
 n - 52 scrolls of identify
 q - 26 scrolls of teleportation
 s - 9 scrolls of fog
 w - 14 scrolls of enchant weapon
 x - 12 scrolls of enchant armour
 y - 9 scrolls of brand weapon
 A - 7 scrolls of revelation
 J - 14 scrolls of immolation
 K - 14 scrolls of fear
 W - 8 scrolls of blinking
Potions
 f - 2 potions of haste
 i - 6 potions of ambrosia
 l - 2 potions of mutation
 m - 7 potions of attraction
 t - 3 potions of might
 u - 12 potions of brilliance
 z - 25 potions of curing
 C - 2 potions of cancellation
 F - 11 potions of heal wounds
 H - 9 potions of lignification
 I - 3 potions of magic
 N - 3 potions of invisibility
 O - 9 potions of enlightenment
 P - 2 potions of resistance
 U - a potion of berserk rage

Dungeon Overview and Level Annotations

Branches:
Dungeon (15/15) Zot: 23872  Temple (1/1) D:4 Zot: 5970    Lair (5/5) D:11 Zot: 24242
  Swamp (4/4) Lair:2 Zot: 20996  Spider (4/4) Lair:3 Zot: 19084   Slime (5/5) Lair:5 Zot: 25709
    Orc (2/2) D:9 Zot: 9627     Elf (3/3) Orc:2 Zot: 13922  Vaults (5/5) D:13 Zot: 20550
  Crypt (3/3) Vaults:3 Zot: 15587    Tomb (2/3) Crypt:3 Zot: 10029  Depths (4/4) D:15 Zot: 18758
   Hell (visited)             Dis (7/7) Hell Zot: 25213     Geh (7/7) Hell Zot: 25213
    Coc (7/7) Hell Zot: 25213     Tar (7/7) Hell Zot: 25213     Zot (0/5) Depths:4
Gauntlet (visited)

Altars:
Ashenzari
Cheibriados
Dithmenos
Elyvilon
Fedhas
Gozag
Hepliaklqana
Kikubaaqudgha
Makhleb
Nemelex Xobeh
Okawaru
Qazlal
Ru
Sif Muna
Trog
Uskayaw
Vehumet
Wu Jian
Xom
Yredelemnul
Zin
The Shining One
Jiyva

Shops:
D:4 *   D:5 [[   Orc:2 =[=:?   Elf:1 :(   Vaults:1 :   Vaults:4 (   Depths:3 !
Depths:4 :=:

Portals:
Hell: Depths:1 Depths:2 Depths:3 Depths:4
Abyss: D:7 Depths:3
Pandemonium: Depths:1 Depths:2 Depths:3
Ziggurat: Depths:3

Annotations:
D:7 2 transporters, monsoonserge's ghost, amateur OpSh
D:9 1 runed translucent door, HilariousDeathArtist's ghost, journeyman GrHu
D:15 exclusion: obsidian statue

..........##################.....
..........############## *##.8...
..........# >.#...#....# ^##.....
..........# .#...#....#..##.....
..........####'....B...'####.8...
..........##......#§.....§##.....
..........##....§.#.....§.##.....
..........##..§...M.....§.##.8...
..........##...†v§#§§§...§##.....
..........##....†.#.^.....##.....
..........####††.......'####.8...
..........# ..#.^.#....#..##.....
..........##.^#...#^...#..###''''
..........##..#####*########.....
..........##..* ,, ............
..........##.. ............
..........##.. *#######.....


You could see a royal mummy (slow).


Message History

The helpless royal mummy fails to defend itself.
You batter the royal mummy!!
The royal mummy begins to cast a spell, but is stunned by your conviction!
The royal mummy gestures at you while chanting.
Something smites you!
* * * LOW HITPOINT WARNING * * *
😨 HP[-10] MP[+1]
You take 10 damage, and now have 110/229 hp.
The helpless royal mummy fails to defend itself.
You blast the royal mummy!!!!
You blast the royal mummy!!!
The royal mummy gestures at you while chanting.
Something smites you!
* * * LOW HITPOINT WARNING * * *
😨 HP[-9]
You take 9 damage, and now have 101/229 hp.
Unknown command.
The helpless royal mummy fails to defend itself.
You blast the royal mummy!!!!!
You feel a bit better.
You destroy the royal mummy!
You batter the royal mummy!!
You feel extremely nervous for a moment...
You feel horribly lethargic.
You feel yourself slow down.
The royal mummy calls on the powers of darkness!
Your body is wracked with pain!
* * * LOW HITPOINT WARNING * * *
😨 HP[-37]
You now have 236 max hp (+7).
You take 37 damage, and now have 64/236 hp.
You blast the royal mummy!!!
You feel a bit better.
You destroy the royal mummy!
You feel extremely nervous for a moment...
You are engulfed in negative energy!
You feel clumsy.
You feel your dexterity returning. 😨 HP[+1]
You now have 240 max hp (+4).
Unknown command.
Found a one-way staircase leading down.
The royal mummy mumbles some strange words.
The royal mummy calls on the powers of darkness!
Your body is wracked with pain!
* * * LOW HITPOINT WARNING * * *
The royal mummy is stunned by your conviction and fails to attack. 😱 HP[-24] MP[+1]
You take 24 damage, and now have 41/240 hp.
You blast the royal mummy!!!!
You blast the death scarab!!!
You destroy the death scarab!
The death scarab's corpse disappears in a puff of smoke!
You batter the royal mummy!!
You blast the death scarab!!!
Lightning courses through the death scarab!!
You destroy the death scarab!
The death scarab's corpse disappears in a puff of smoke!
The death scarab completely misses you. The royal mummy completely misses you.
The royal mummy mumbles some strange words. 😱 HP[+1] Unknown command.
You batter the royal mummy!!
You buffet the death scarab!
You batter the royal mummy!! The death scarab bites you.
* * * LOW HITPOINT WARNING * * *
The death scarab drains your vigour!
You feel as though you will be slow longer.
You redirect the death scarab's attack!
The death scarab misses itself.
The royal mummy begins to cast a spell, but is stunned by your conviction! 😱 HP[-2]
You take 2 damage, and now have 40/240 hp.
Unknown command.
You blast the royal mummy!!!
You barely miss the death scarab. You batter the death scarab!!
You destroy the death scarab!
The death scarab's corpse disappears in a puff of smoke!
You batter the royal mummy!! The death scarab completely misses you.
The royal mummy completely misses you.
The royal mummy casts a spell.
The death scarab's many legs skitter faintly. 😱 HP[+1] Unknown command.
You blast the royal mummy!!!
You feel a bit better.
You destroy the royal mummy!
The death scarab disappears in a puff of smoke! x3
You buffet the death scarab!
You blast the royal mummy!!!
You feel extremely nervous for a moment...
Pain shoots through your body!!
* * * LOW HITPOINT WARNING * * *
The death scarab misses you.
The royal mummy is stunned by your conviction and fails to attack. 😱 HP[-25]
You now have 244 max hp (+4).
You take 25 damage, and now have 16/244 hp.
Unknown command.
You blast the royal mummy!!!!
You feel a bit better.
You destroy the royal mummy!
The death scarab disappears in a puff of smoke!
You feel extremely nervous for a moment...
Your body is wracked with pain!
* * * LOW HITPOINT WARNING * * *
The royal mummy casts a spell at you. Something smites you!
You die...

Skill      XL: |  1  2  3  4  5  6  7  8  9 10 11 12 13 14 15 16 17 18 19 20 21 22 23 24 25 26 27 |
---------------+----------------------------------------------------------------------------------+-----
Unarmed Combat | 4 5 6 7 8 10 12 13 15 17 19 20 21 23 24 26 27 | 27.0
Dodging        | 3 9 11 14 15 17 20 23 24 27 | 27.0
Shapeshifting  | 8 11 15 16 17 20 22 23 26 27 | 27.0
Fighting       | 7 9 10 13 16 18 21 24 27 | 27.0
Stealth        | 8 27 | 27.0
Spellcasting   | 18 | 18.4
Transmutations | 24 | 24.0
Conjurations   | 10 | 10.7

Action                     |  1- 3 |  4- 6 |  7- 9 | 10-12 | 13-15 | 16-18 | 19-21 | 22-24 | 25-27 || total
---------------------------+-------+-------+-------+-------+-------+-------+-------+-------+-------++-------
  Melee: Unarmed           |    86 |   102 |   319 |   489 |   706 |   776 |  1133 |   954 |  3956 ||  8521
         Punch             |     2 |     6 |     7 |       |       |       |       |       |       ||    15
         Tailslap          |       |       |       |    22 |    93 |    91 |    19 |       |    63 ||   288
         Bite              |       |       |       |    19 |    80 |    49 |    14 |       |     1 ||   163
         Headbutt          |       |       |       |       |       |       |       |       |   442 ||   442
   Cast: Wereblood         |       |       |       |       |       |       |       |       |    21 ||    21
         Irradiate         |       |       |       |       |       |       |       |       |     4 ||     4
         Yara's Violent Un |       |       |       |       |       |       |       |       |     2 ||     2
 Invoke: Sacrifice a Hand  |       |       |     1 |       |       |       |       |       |       ||     1
         Reject Sacrifices |       |       |       |     1 |       |       |       |       |       ||     1
         Sacrifice Durabil |       |       |       |     1 |       |       |       |       |       ||     1
         Apocalypse        |       |       |       |       |     4 |     7 |     2 |     1 |    11 ||    25
         Sacrifice Purity  |       |       |       |       |     1 |       |       |       |       ||     1
         Power Leap        |       |       |       |       |     3 |     1 |     8 |       |     3 ||    15
         Sacrifice Artific |       |       |       |       |     1 |       |       |       |       ||     1
Ability: Breathe Fire      |       |       |       |     5 |     8 |    12 |     2 |       |       ||    27
         Begin Untransform |       |       |       |       |       |       |     1 |       |       ||     1
         Blinkbolt         |       |       |       |       |       |       |     1 |     2 |    38 ||    41
  Evoke: Wand              |       |       |     1 |    17 |       |       |       |       |       ||    18
    Use: Potion            |       |     1 |     5 |     2 |     4 |     4 |     2 |     5 |    13 ||    36
         Scroll            |       |     4 |     4 |    15 |     7 |     5 |       |     1 |     5 ||    41
   Stab: Sleeping          |     1 |       |     2 |       |     5 |     1 |     4 |     4 |    54 ||    71
         Invisible         |       |       |     3 |       |     5 |    10 |     7 |     1 |    30 ||    56
         Distracted        |       |       |     1 |     2 |     8 |     6 |    11 |     7 |    82 ||   117
         Confused          |       |       |       |     1 |       |       |       |       |       ||     1
         Paralysed         |       |       |       |       |     5 |     8 |     3 |       |    32 ||    48
         Petrifying        |       |       |       |       |     1 |       |       |       |       ||     1
 Armour: Animal skin       |    32 |    61 |   129 |       |       |       |       |       |       ||   222
         Skin              |       |     2 |       |   198 |   434 |   417 |   504 |   144 |   986 ||  2685
         Steam dragon scal |       |       |    71 |    22 |       |    91 |       |       |       ||   184
  Dodge: Dodged            |    38 |    59 |   341 |   516 |   610 |   710 |  1939 |  1111 |  4557 ||  9881
  Block: Other             |       |       |       |       |       |       |       |    19 |   329 ||   348
         Reflection        |       |       |       |       |       |       |       |       |     7 ||     7
   Form: Flux              |       |       |       |     1 |       |       |       |       |       ||     1
         Dragon            |       |       |       |     1 |       |     3 |     1 |       |     1 ||     6
         Blade             |       |       |       |       |       |     3 |     1 |       |       ||     4
         Statue            |       |       |       |       |       |       |     1 |       |     2 ||     3
         Storm             |       |       |       |       |       |       |     1 |     1 |     2 ||     4
                           |       |       |       |       |       |       |       |     1 |       ||     1
         Death             |       |       |       |       |       |       |       |       |     1 ||     1

Levels and vault maps discovered:
D:1:      minmay_arrival_cross, layout_loops_ring, serial_aquarium,
          aquarium_bridge_straight [aquarium_subvault_bridge,
          aquarium_subvault_wall, aquarium_subvault_bridge,
          aquarium_subvault_wall], aquarium_window_fake, aquarium_window_fake,
          aquarium_window_corridor_3, aquarium_view_2b, aquarium_view_2e,
          aquarium_balcony_double_4
D:2:      layout_loops_ring, basic_altar
D:3:      cheibrodos_thug_alley, layout_basic
D:4:      layout_cave_pools, fedhas_altar_2, minmay_temple_entry_wispy,
          serial_shops, shop
D:5:      layout_loops_ring, mainiacjoe_overflow_surrounded_room, serial_shops,
          shop, kennysheep_mini, minmay_increasing_density
D:6:      minmay_recursive_quarters, layout_cave_pools
D:7:      layout_loops_cross, gammafunk_ghost_abyssal_escape
D:8:      layout_rooms, okawaru_gym_becter, nicolae_dithmenos_shadow_blocks,
          serial_undead, serial_undead_c, serial_undead_e, serial_undead_a,
          serial_undead_a
D:9:      minmay_distorted_concentric_squares, layout_cave_pools,
          chequers_temple_overflow_minitemple, gammafunk_ghost_grave
D:10:     layout_cave_pods
D:11:     layout_roguey, david_lair_shrubbed
D:12:     layout_basic
D:13:     layout_rooms, david_vaults_4, minmay_misc_feat_secret_circle
D:14:     layout_cave_pods, dreamdust_princess_bridge,
          ashenzari_conservatory_becter, uniq_kirke
D:15:     gammafunk_depths_entry_grave, layout_gridville,
          minmay_protected_statue
Temple:   eino_wide_crystal_templ
Lair:1:   layout_chaotic_city, nzn_sisyphean_effort, uniq_amaemon
Lair:2:   layout_gridlike, mainiacjoe_swamp_entry_lozenge_pond,
          gauntlet_entry_generic, portal_ice_cave_demonic_guard, evilmike_ambush
          [evilmike_ambush_outer_basic, evilmike_ambush_inner_cross],
          serial_bayou_shore_b, lemuel_fruit_fields, uniq_gastronok
Lair:3:   layout_cave_pods, spider_nest_entry_funnel_web
Lair:4:   onia_ninara_swampy_vault, layout_small_grid
Lair:5:   minmay_lair_end_frog_pond, layout_loops_ring, slime_entry_1,
          minmay_stone_trees_small
Swamp:1:  layout_basic_swamp, evilmike_swamp_ruin_house_3
Swamp:2:  layout_basic_swamp, evilmike_swamp_ruin_house_6, swamp_pool_1_2,
          nicolae_swamp_decorative_isthmus, uniq_jorgrun, uniq_frances
Swamp:3:  nicolae_swamp_ascending_descending_big, layout_basic_swamp,
          evilmike_swamp_ruin_house_2, uniq_nikola
Swamp:4:  swamp_old_school, layout_basic_swamp
Spider:1: layout_cave_pods
Spider:2: nicolae_spider_hilbert_zone_6 [nicolae_spider_hilbert_4_sides_1_open,
          nicolae_spider_hilbert_4_sides_1_open,
          nicolae_spider_hilbert_4_sides_1_open,
          nicolae_spider_hilbert_4_sides_1_open,
          nicolae_spider_hilbert_4_sides_1_open,
          nicolae_spider_hilbert_4_sides_1_open,
          nicolae_spider_hilbert_4_sides_1_open], uniq_arachne, uniq_roxanne
Spider:3: layout_spider_delve, uniq_mara
Spider:4: spider_rune_water, hellmonk_narrow_tunnel
Slime:1:  layout_caves
Slime:2:  layout_caves
Slime:3:  cheibrodos_slime_lost_civilization_2, layout_caves
Slime:4:  layout_caves, basic_altar
Slime:5:  slime_pit_nicolae_amoeboid
Orc:1:    gammafunk_beogh_shrine, layout_caves, elf_legates
Orc:2:    st_orc_elflike, layout_caves, serial_shops,
          nicolae_shop_gibbet_a_chance, nicolae_orc_sculptors_studio,
          nooodl_orcs_dogs
Elf:1:    nicolae_elf_arrival_aired_out, layout_loops_corners, serial_shops,
          nicolae_shop_tiny_statue_garden, basic_altar, minmay_elf_demonology,
          drop_trap, nicolae_shop_vocational, uniq_agnes
Elf:2:    elven_hall_of_blades_hangedman_original [grunt_blade_entry_basic],
          layout_geoelf_grid, basic_altar
Elf:3:    minmay_elf_hall_quartered_circle, layout_onion_city
Vaults:1: nicolae_vaults_windows_and_doors_thing, vaults_room_stairs_pillars,
          nicolae_vaults_closet_pinwheel_5, hangedman_vaults_slither,
          nicolae_vaults_closet_pinwheel_1, nicolae_vaults_what_the_h,
          nicolae_vaults_yaktaur_gun_rack, nicolae_vaults_tetromino_T_1,
          nicolae_vaults_security_offices_1, layout_vaults_chaotic_city,
          serial_shops, shop
Vaults:2: nicolae_vaults_little_squares_6, ontoclasm_vaults_ligature,
          nicolae_vaults_shelves_hall, nicolae_vaults_network_s,
          nicolae_vaults_sesquioval_fish, grunt_vaults_hallway_short,
          nicolae_vaults_tetromino_T_2, layout_vaults_omnigrid
Vaults:3: minmay_crypt_entry_necro_gods, nicolae_vaults_tetromino_Z_2,
          nicolae_vaults_storage_closets_3, hangedman_vaults_river_flow,
          hangedman_vaults_trim, nicolae_vaults_offset_grid_hallway_1,
          ontoclasm_vaults_gateway, nicolae_vaults_wrenched, v_misc_33,
          nicolae_vaults_frosty_reception, vaults_dpeg_encased_lava,
          nicolae_vaults_apartment_1, v_alt_pattern_4,
          nicolae_vaults_trapezoid_lopsided_3, nicolae_vaults_diamond_1,
          layout_vaults_ring
Vaults:4: ontoclasm_vaults_water_temple, v_misc_2, grunt_vaults_swirl,
          v_rooms_5, v_pattern_2, nicolae_vaults_little_squares_2,
          ontoclasm_vaults_idyll, hangedman_vaults_unwind,
          nicolae_vaults_trapezoid_3, nicolae_vaults_network_quinsquares
          [nicolae_vaults_network_quincunx_subvault,
          nicolae_vaults_network_quincunx_subvault,
          nicolae_vaults_network_quincunx_subvault,
          nicolae_vaults_network_quincunx_subvault],
          nicolae_vaults_double_plus_2, layout_vaults_big_cross, serial_shops,
          nicolae_shop_hallway_stairs, uniq_norris, uniq_zenata
Vaults:5
Crypt:1:  layout_rooms, uniq_xtahua, uniq_aizul
Crypt:2:  layout_chaotic_city, grunt_megastairs_2, uniq_sojobo
Crypt:3:  grunt_crypt_end_deaths_head, uniq_boris, uniq_margery, uniq_grunn
Tomb:1
Tomb:2
Depths:1: layout_roguey [special_room_morgue], pan_entry,
          kennysheep_cross_landing, hell_entry, nicolae_zig_zag_zippers
Depths:2: hangedman_pleasuredromes, pan_entry, hell_entry
Depths:3: evilmike_silver_temple, layout_cave_pools, enter_ziggurat_c,
          serial_shops, shop, hangedman_tar_grid_catacomb,
          kennysheep_small_spiral, abyss_entry, rand_demon_pan_entry_3,
          serial_bayou_shore_b
Depths:4: grunt_twist_and_shout, layout_cave_shapes, hell_entry,
          minmay_shop_grove
Hell
Dis:1:    layout_regular_city
Dis:2:    layout_jigsaw, serial_glass, glass_columns_a, glass_columns_a,
          glass_columns_a, nicolae_dis_spooky_hallway
Dis:3:    layout_gridville
Dis:4:    layout_subdivisions, minmay_strange_pillars
Dis:5:    hangedman_dis_decor_blocks_crown, layout_gridville
Dis:6:    layout_jigsaw
Dis:7:    dis_st
Geh:1:    layout_gehenna_pools_triple
Geh:2:    layout_gehenna_lava_caves
Geh:3:    layout_gehenna_lava_caves
Geh:4:    layout_gehenna_lava_caves
Geh:5:    layout_gehenna_pools_box
Geh:6:    layout_gehenna_lava_caves
Geh:7:    geh_mu
Coc:1:    layout_cocytus_water_paths
Coc:2:    layout_cocytus_delve
Coc:3:    layout_cocytus_water_paths
Coc:4:    layout_cocytus_delve
Coc:5:    layout_cocytus_delve
Coc:6:    layout_cocytus_delve
Coc:7:    coc_dpeg
Tar:1:    layout_catacombs
Tar:2:    layout_catacombs, nicolae_hells_seeping_fissure
Tar:3:    layout_grid_maze
Tar:5:    layout_grid_maze, nicolae_tar_combstack
Tar:6:    layout_cathedral_of_symmetry, nicolae_tar_cuneiform_oil,
          nicolae_tar_spectre_spectrum
Tar:7:    tar_mu [tar_mu_maze]

Notes
Turn   | Place    | Note
-------+----------+-------------------------------------------
     0 | D:1      | ytrimaz the Merfolk Shapeshifter began the quest for the
                  | Orb.
     0 | D:1      | Reached XP level 1. HP: 15/15 MP: 1/1
     0 | D:1      | magus.rc [v1.9.6]
    56 | D:1      | Reached XP level 2. HP: 11/21 MP: 2/2
    60 | D:1      | HP: 3/21 [frozen (4)]
    62 | D:1      | Reached skill level 4 in Unarmed Combat
    75 | D:1      | HP: 5/21 [frilled lizard (1)]
    79 | D:1      | HP: 2/21 [kobold/+0 short sword (3)]
   335 | D:1      | You pick up a book of Blasting and begin reading...
   335 | D:1      | You add the spells Volatile Blastmotes, Fulminant Prism and
                  | Iskenderun's Mystic Blast to your library.
   596 | D:1      | Reached XP level 3. HP: 23/26 MP: 3/3
  1003 | D:2      | Found a shimmering altar of Xom.
  1061 | D:2      | Reached skill level 5 in Unarmed Combat
  1328 | D:3      | Reached XP level 4. HP: 29/32 MP: 4/4
  1355 | D:3      | Reached skill level 6 in Unarmed Combat
  1475 | D:3      | Reached XP level 5. HP: 37/37 MP: 5/5
  1794 | D:3      | Noticed a kobold brigand
  1806 | D:3      | Killed a kobold brigand
  2171 | D:4      | Reached skill level 7 in Unarmed Combat
  2186 | D:4      | Reached XP level 6. HP: 24/43 MP: 6/6
  2359 | D:4      | Found Ramirear's General Store.
  2375 | D:4      | Bought a scroll of identify for 28 gold pieces
  2375 | D:4      | Bought a potion of brilliance for 56 gold pieces
  2375 | D:4      | Bought a potion of degeneration for 14 gold pieces
  2380 | D:4      | You pick up a book of Spectacle and begin reading...
  2380 | D:4      | You add the spells Dazzling Flash, Starburst and Maxwell's
                  | Capacitive Coupling to your library.
  2422 | D:4      | Found a staircase to the Ecumenical Temple.
  2447 | Temple   | Entered the Ecumenical Temple
  2454 | Temple   | Upgraded the game from 0.31-a0-1074-g0b22e4e0f1 to
                  | 0.31-a0-1165-g196b491b36
  2454 | Temple   | magus.rc [v1.9.6]
  2469 | Temple   | Became a worshipper of Ru the Awakened
  2633 | D:4      | Found a blossoming altar of Fedhas.
  2756 | D:5      | Entered Level 5 of the Dungeon
  2789 | D:5      | Reached skill level 8 in Unarmed Combat
  2798 | D:5      | HP: 9/43 [scorpion (3)]
  2803 | D:5      | Reached XP level 7. HP: 7/48 MP: 7/7
  3000 | D:5      | Found Reydafev's Antique Armour Boutique.
  3010 | D:5      | You add the spells Sting, Poisonous Vapours and Olgreb's
                  | Toxic Radiance to your library.
  3074 | D:5      | Found Hijaih's Antique Armour Emporium.
  3136 | D:5      | Found an ornate altar of the Wu Jian Council.
  3169 | D:5      | Reached skill level 9 in Unarmed Combat
  3616 | D:5      | HP: 12/48 [poisoned by a scorpion]
  3618 | D:5      | Reached skill level 10 in Unarmed Combat
  3620 | D:5      | HP: 5/48 [poisoned by a scorpion]
  3625 | D:5      | HP: 2/48 [poisoned by a scorpion]
  3967 | D:5      | Reached skill level 3 in Dodging
  4044 | D:6      | HP: 10/48 [kobold brigand/+0 whip (7)]
  4049 | D:6      | Reached XP level 8. HP: 33/54 MP: 8/8
  4054 | D:6      | Reached skill level 4 in Dodging
  4056 | D:6      | Gained mutation: You are missing a hand. [Ru sacrifice]
  4056 | D:6      | Reached * piety under Ru
  4056 | D:6      | Reached ** piety under Ru
  4056 | D:6      | Reached *** piety under Ru
  4263 | D:6      | You add the spells Momentum Strike, Summon Guardian Golem,
                  | Summon Ice Beast, Passage of Golubria and Haunt to your
                  | library.
  4263 | D:6      | Got Quvin's Discourse on the Vector and Sidekicks
  4287 | D:6      | You pick up a book of Blood and begin reading...
  4287 | D:6      | You add the spells Sublimation of Blood, Wereblood and
                  | Summon Hydra to your library.
  4297 | D:6      | You pick up a book of Callings and begin reading...
  4297 | D:6      | You add the spells Summon Small Mammal and Call Canine
                  | Familiar to your library.
  4345 | D:6      | HP: 13/54 [poisoned by a killer bee]
  4352 | D:6      | Reached skill level 5 in Dodging
  4355 | D:6      | Reached skill level 6 in Dodging
  4488 | D:6      | You add the spells Cigotuvi's Dreadful Rot, Ignite Poison
                  | and Freezing Cloud to your library.
  4522 | D:6      | Reached skill level 7 in Dodging
  4714 | D:6      | Noticed a wyvern
  4726 | D:6      | Killed a wyvern
  4727 | D:6      | Reached skill level 8 in Dodging
  5133 | D:6      | Reached skill level 9 in Dodging
  5133 | D:6      | Reached XP level 9. HP: 59/59 MP: 9/9
  5282 | D:7      | Reached skill level 5 in Shapeshifting
  5618 | D:7      | Found a one-way gate to the infinite horrors of the Abyss.
  5618 | D:7      | Noticed monsoonserge's ghost (amateur OpSh)
  5709 | D:7      | Reached skill level 6 in Shapeshifting
  5729 | D:7      | Reached skill level 10 in Dodging
  5870 | D:7      | Found a transporter.
  5892 | D:7      | Found a transporter.
  6184 | D:8      | Found an iron altar of Okawaru.
  6377 | D:8      | Reached skill level 7 in Shapeshifting
  6444 | D:8      | Reached skill level 11 in Dodging
  6590 | D:8      | Noticed a hornet
  6731 | D:8      | Reached skill level 8 in Shapeshifting
  6755 | D:8      | Killed a hornet
  6766 | D:8      | Reached XP level 10. HP: 44/65 MP: 10/10
  6877 | D:8      | Reached skill level 12 in Dodging
  6924 | D:8      | You pick up a book of Storms and begin reading...
  6924 | D:8      | You add the spells Static Discharge, Airstrike and Summon
                  | Lightning Spire to your library.
  6992 | D:8      | Found a shadowy altar of Dithmenos.
  7027 | D:8      | Reached skill level 9 in Shapeshifting
  7562 | D:9      | Found a runed translucent door.
  7562 | D:9      | Noticed HilariousDeathArtist's ghost (journeyman GrHu)
  7615 | D:9      | Found a stormy altar of Qazlal.
  7615 | D:9      | Found a faded altar of an unknown god.
  7621 | D:9      | Found a bloodstained altar of Trog.
  7624 | D:9      | Found an ancient bone altar of Kikubaaqudgha.
  7626 | D:9      | Found a faded altar of an unknown god.
  7628 | D:9      | Identified the ring of Achaif {MP+9 Dex+3}
  7797 | D:9      | HP: 16/65 [killer bee (7)]
  7798 | D:9      | HP: 6/65 [killer bee (8)]
  7803 | D:9      | HP: 12/65 [poisoned by a killer bee]
  7808 | D:9      | HP: 9/65 [poisoned by a killer bee]
  8008 | D:9      | Found a staircase to the Orcish Mines.
  8022 | D:9      | Reached skill level 10 in Shapeshifting
  8033 | D:9      | Reached skill level 13 in Dodging
  8036 | D:9      | HP: 16/65 [something (5)]
  8081 | D:9      | Noticed a two-headed ogre
  8116 | D:9      | Killed a two-headed ogre
  8268 | D:9      | Noticed a manticore
  8281 | D:9      | Killed a manticore
  8424 | D:9      | HP: 14/65 [troll (14)]
  8427 | D:9      | Reached skill level 11 in Shapeshifting
  8712 | D:9      | Reached skill level 14 in Dodging
  8915 | D:5      | Bought a steaming cloak for 228 gold pieces
  8915 | D:5      | Identified the +1 cloak of Lies {+Inv rN+ Will- rCorr} (You
                  | bought it in a shop on level 5 of the Dungeon)
  9175 | D:9      | Reached XP level 11. HP: 53/70 MP: 11/11
  9244 | D:9      | Noticed a cyclops
  9254 | D:9      | Killed a cyclops
  9492 | D:10     | Entered Level 10 of the Dungeon
  9618 | D:10     | Reached skill level 12 in Shapeshifting
  9781 | D:10     | You pick up a book of Iron and begin reading...
  9781 | D:10     | You add the spells Animate Armour and Lee's Rapid
                  | Deconstruction to your library.
 10145 | D:10     | You pick up a book of Vapours and begin reading...
 10152 | D:10     | You pick up a book of Frost and begin reading...
 10152 | D:10     | You add the spells Freeze, Frozen Ramparts and Hailstorm to
                  | your library.
 10468 | D:10     | Reached skill level 15 in Dodging
 10806 | D:11     | Noticed a manticore
 10817 | D:11     | Killed a manticore
 10962 | D:11     | Reached skill level 13 in Shapeshifting
 11136 | D:11     | Found a staircase to the Lair.
 11340 | D:12     | Noticed a boulder beetle
 11350 | D:12     | Killed a boulder beetle
 11483 | D:12     | Noticed a white ugly thing
 11493 | D:12     | Killed a white ugly thing
 11494 | D:12     | Reached skill level 14 in Shapeshifting
 11600 | D:12     | Identified the +6 flail "Rugamm" {pain, rPois rC+ rN++
                  | SInv}
 11613 | D:12     | Noticed a boulder beetle
 11624 | D:12     | Killed a boulder beetle
 11720 | D:12     | Noticed a cyclops
 11729 | D:12     | Killed a cyclops
 12110 | D:12     | Reached skill level 15 in Shapeshifting
 12115 | D:12     | Reached XP level 12. HP: 76/76 MP: 12/12
 12123 | D:12     | Gained mutation: You cannot train Armour skill. [Ru
                  | sacrifice]
 12123 | D:12     | Reached **** piety under Ru
 12316 | D:13     | Noticed a catoblepas
 12335 | D:13     | Killed a catoblepas
 12436 | D:13     | Reached skill level 16 in Shapeshifting
 12515 | D:13     | Noticed a two-headed ogre
 12522 | D:13     | Killed a two-headed ogre
 12523 | D:13     | Reached skill level 2 in Fighting
 12641 | D:13     | Reached skill level 3 in Fighting
 12865 | D:13     | Noticed a two-headed ogre
 12868 | D:13     | Killed a two-headed ogre
 12869 | D:13     | Reached skill level 4 in Fighting
 12876 | D:13     | Reached skill level 11 in Unarmed Combat
 12914 | D:13     | Found a gate to the Vaults.
 13226 | D:14     | Reached skill level 5 in Fighting
 13274 | D:14     | Found a broken altar of Ashenzari.
 13391 | D:14     | Identified the blade talisman of Adiesoc {rElec rF++
                  | Stlth-}
 13411 | D:14     | Noticed a four-headed hydra
 13430 | D:14     | Killed a six-headed hydra
 13446 | D:14     | Noticed a centaur warrior
 13457 | D:14     | HP: 32/129 [centaur/arrow[a centaur warrior] (6)]
 13480 | D:14     | HP: 28/129 [centaur warrior (12)]
 13482 | D:14     | Killed a centaur warrior
 13498 | D:14     | HP: 31/130 [barbs]
 13501 | D:14     | Reached skill level 6 in Fighting
 13849 | D:14     | You are sucked into a shaft and drop 1 floor!
 13849 | D:15     | Entered Level 15 of the Dungeon
 13905 | D:14     | Noticed Kirke
 13918 | D:14     | Killed Kirke
 13919 | D:14     | Reached skill level 12 in Unarmed Combat
 14029 | D:14     | Reached skill level 7 in Fighting
 14029 | D:14     | Reached XP level 13. HP: 96/96 MP: 13/13
 14681 | D:15     | Reached skill level 8 in Fighting
 14945 | Orc:1    | Entered Level 1 of the Orcish Mines
 15204 | Orc:1    | Gained mutation: Potions are less effective at restoring
                  | your health. [Ru sacrifice]
 15204 | Orc:1    | Reached ***** piety under Ru
 15451 | Orc:1    | Found a transporter.
 15463 | Orc:1    | Noticed an orc warlord
 15464 | Orc:1    | Noticed an orc warlord
 15466 | Orc:1    | Reached skill level 13 in Unarmed Combat
 15471 | Orc:1    | Killed an orc warlord
 15492 | Orc:1    | Killed an orc warlord
 15581 | Orc:1    | Found a transporter.
 15584 | Orc:1    | Noticed a stone giant
 15639 | Orc:2    | Entered Level 2 of the Orcish Mines
 15639 | Orc:2    | Found a staircase to the Elven Halls.
 15662 | Orc:2    | Reached skill level 9 in Fighting
 15805 | Orc:2    | Reached skill level 17 in Shapeshifting
 15988 | Orc:2    | Found Adetz's Magic Scroll Boutique.
 16031 | Orc:2    | Paralysed by an orc sorcerer for 3 turns
 16123 | Orc:2    | Bought a scroll of identify for 24 gold pieces
 16123 | Orc:2    | Bought a scroll of identify for 24 gold pieces
 16198 | Orc:2    | Found Yguco's Book Boutique.
 16238 | Orc:2    | Reached XP level 14. HP: 56/109 MP: 14/14
 16250 | Orc:2    | HP: 40/163 [orc knight/+0 dire flail (9)]
 16253 | Orc:2    | HP: 17/163 [orc knight/+0 bardiche (10)]
 16254 | Orc:2    | HP: 7/139 [orc knight/+0 bardiche (10)]
 16565 | Orc:2    | Found Heeqaef's Antique Armour Emporium.
 16572 | Orc:2    | Found Ytoudiug's Jewellery Emporium.
 16574 | Orc:2    | Found Mecep's Jewellery Boutique.
 16585 | Orc:2    | Bought the ring of Atzo {AC+4 Dex+3} for 788 gold pieces
 16867 | Orc:2    | Reached skill level 10 in Fighting
 16867 | Orc:2    | Reached skill level 18 in Shapeshifting
 16882 | Orc:2    | Reached skill level 14 in Unarmed Combat
 17139 | Orc:1    | Identified the +1 chain mail of Rainta {rC++ Will+}
 17142 | Orc:1    | an orc priest comes into view. It is wielding a +0 flail
                  | and wearing the +18 Lear's hauberk.
 17283 | Lair:1   | Entered Level 1 of the Lair of Beasts
 17513 | Lair:1   | Gained mutation: You cannot study or use magical devices.
                  | [Ru sacrifice]
 17513 | Lair:1   | Reached ****** piety under Ru
 17646 | Lair:1   | Noticed Amaemon
 17651 | Lair:1   | Killed Amaemon
 18227 | Lair:2   | Found a frozen archway.
 18350 | Lair:2   | Reached skill level 19 in Shapeshifting
 18382 | Lair:2   | Found a gate leading to a gauntlet.
 18397 | Gauntlet | Entered a Gauntlet
 18397 | Gauntlet | Found a transporter.
 18397 | Gauntlet | Found a transporter.
 18397 | Gauntlet | Found a transporter.
 18401 | Gauntlet | Found a transporter.
 18401 | Gauntlet | Found a transporter.
 18405 | Gauntlet | Noticed a dire elephant
 18418 | Gauntlet | Found a transporter.
 18432 | Gauntlet | Found a transporter.
 18434 | Gauntlet | Found a transporter.
 18453 | Gauntlet | Found a transporter.
 18472 | Gauntlet | Found a transporter.
 18478 | Gauntlet | Found a transporter.
 18495 | Gauntlet | Found a transporter.
 18593 | Gauntlet | Identified a ring of Wisdom {rN+ rCorr Str+3}
 18667 | Gauntlet | Killed a dire elephant
 18691 | Gauntlet | Identified the amulet of the Meadowlark {rElec Regen+ Dex+2
                  | Slay+3}
 18824 | Gauntlet | Identified the +1 robe of Imperfection {Int+2 Stlth+
                  | Archmagi}
 18904 | Lair:2   | Noticed Gastronok
 18913 | Lair:2   | Killed Gastronok
 19061 | Lair:2   | You pick up a book of Spatial Translocations and begin
                  | reading...
 19061 | Lair:2   | You add the spells Blink and Lesser Beckoning to your
                  | library.
 19117 | Lair:2   | Identified the +2 falchion of Precise Incision {drain,
                  | Fragile rF+ Str+3 Dex+3}
 19599 | Lair:2   | Found a staircase to the Swamp.
 19678 | Lair:3   | You pick up a book of Flames and begin reading...
 19678 | Lair:3   | You add the spells Inner Flame, Sticky Flame and Flame Wave
                  | to your library.
 19696 | Lair:3   | Reached skill level 15 in Unarmed Combat
 20052 | Lair:3   | Reached skill level 20 in Shapeshifting
 20256 | Lair:3   | Reached XP level 15. HP: 115/115 MP: 15/15
 20321 | Lair:3   | You pick up a book of Beasts and begin reading...
 20321 | Lair:3   | You add the spells Summon Mana Viper and Monstrous
                  | Menagerie to your library.
 20418 | Lair:3   | Identified a scroll of acquirement
 20444 | Lair:3   | Acquired the amulet "Qiskor" {Spirit rF+ Will++ SInv}
 20597 | Lair:3   | Found a hole to the Spider Nest.
 21097 | Lair:4   | Reached skill level 16 in Dodging
 21183 | Lair:4   | Reached skill level 16 in Unarmed Combat
 21687 | Lair:5   | Entered Level 5 of the Lair of Beasts
 21687 | Lair:5   | Found a staircase to the Slime Pits.
 21687 | Lair:5   | Found a viscous altar of Jiyva.
 21918 | Lair:5   | Reached skill level 17 in Dodging
 22035 | Lair:5   | Reached skill level 17 in Unarmed Combat
 22362 | Lair:5   | You add the spells Summon Forest and Eringya's Noxious Bog
                  | to your library.
 22706 | D:15     | Found a staircase to the Depths.
 22722 | D:15     | Reached XP level 16. HP: 113/122 MP: 16/16
 23541 | D:4      | Bought a potion of resistance for 140 gold pieces
 23773 | Spider:1 | Entered Level 1 of the Spider Nest
 23819 | Swamp:1  | Entered Level 1 of the Swamp
 23826 | Swamp:1  | Reached skill level 18 in Dodging
 24342 | Orc:1    | Identified the +0 helmet of the Cooper {Int+4}
 24705 | Swamp:1  | You pick up a book of Sloth and begin reading...
 24705 | Swamp:1  | You add the spells Petrify and Metabolic Englaciation to
                  | your library.
 25222 | Swamp:2  | Reached skill level 18 in Unarmed Combat
 25275 | Swamp:2  | Noticed Jorgrun
 25352 | Swamp:2  | Killed Jorgrun
 25353 | Swamp:2  | Reached skill level 19 in Dodging
 25365 | Swamp:2  | Noticed Frances
 25398 | Swamp:2  | Killed Frances
 25896 | Swamp:3  | Noticed a thorn hunter
 25900 | Swamp:3  | Killed a thorn hunter
 26140 | Swamp:3  | Noticed Nikola
 26156 | Swamp:3  | Killed Nikola
 26171 | Swamp:3  | Reached skill level 20 in Dodging
 26395 | Swamp:4  | Entered Level 4 of the Swamp
 26482 | Swamp:4  | Reached skill level 19 in Unarmed Combat
 26496 | Swamp:4  | HP: 24/122 [swamp dragon/blast of poison (7)]
 26501 | Swamp:4  | HP: 10/122 [poisoned by a swamp dragon (poison gas)]
 26506 | Swamp:3  | HP: 9/122 [poisoned by a swamp dragon (poison gas)]
 26682 | Swamp:4  | Reached XP level 17. HP: 128/128 MP: 17/17
 26783 | Swamp:4  | Paralysed by a hornet for 3 turns
 26971 | Swamp:4  | Noticed the 27-headed Lernaean hydra
 27154 | Swamp:4  | You pick up a book of Annihilations and begin reading...
 27154 | Swamp:4  | You add the spells Chain Lightning, Fire Storm and Shatter
                  | to your library.
 27314 | Swamp:4  | Reached skill level 21 in Dodging
 27318 | Swamp:4  | Killed the 27-headed Lernaean hydra
 27461 | Swamp:4  | You pick up a book of Necromancy and begin reading...
 27461 | Swamp:4  | You add the spells Necrotise, Vampiric Draining and Agony
                  | to your library.
 27511 | Swamp:4  | Got a decaying rune of Zot
 28651 | Spider:1 | Reached skill level 20 in Unarmed Combat
 29205 | Elf:1    | Entered Level 1 of the Elven Halls
 29210 | Elf:1    | Paralysed by an air elemental for 1 turns
 29289 | Elf:1    | Found Pipsiut's Antique Weapon Shoppe.
 29301 | Elf:1    | Noticed Agnes
 29308 | Elf:1    | Killed Agnes
 29438 | Elf:1    | Reached skill level 22 in Dodging
 29599 | Elf:1    | Found Emmie's Vocational Training.
 29707 | Elf:1    | Noticed an Ice Fiend
 29757 | Elf:1    | You add the spells Call Imp and Summon Cactus Giant to your
                  | library.
 29757 | Elf:1    | Got the Atlas of Production
 29906 | Elf:1    | Reached skill level 23 in Dodging
 29906 | Elf:1    | Reached XP level 18. HP: 90/134 MP: 18/18
 30028 | Elf:1    | Found a radiant altar of Vehumet.
 30753 | Elf:2    | Found an ancient bone altar of Kikubaaqudgha.
 30883 | Elf:2    | Reached skill level 21 in Shapeshifting
 30985 | Elf:2    | Identified the +1 sling of Hapudwut {heavy, rElec Str-4
                  | Int+2}
 31058 | Elf:2    | Found a runed translucent gate.
 31058 | Elf:2    | Found a runed translucent gate.
 31059 | Elf:2    | Found a runed translucent gate.
 31227 | Elf:2    | Reached skill level 24 in Dodging
 31735 | Elf:3    | Entered Level 3 of the Elven Halls
 32478 | Elf:3    | Reached skill level 22 in Shapeshifting
 32632 | Elf:3    | Identified the amulet of Soqigh {Acrobat Regen+ Int+5
                  | Stlth+}
 32636 | Elf:3    | Identified the +1 leather armour of Resourcefulness
                  | {*Corrode rPois Dex+5}
 32637 | Elf:3    | Noticed a deep elf master archer
 32642 | Elf:3    | Identified the +4 spear "Ola Eshro" {flame, rElec rF-
                  | Str+2}
 32642 | Elf:3    | Identified the +0 leather armour of the Scribe {rF+ Dex+3
                  | Stlth+}
 32645 | Elf:3    | Killed a deep elf master archer
 32716 | Elf:3    | Noticed a deep elf blademaster
 32752 | Elf:3    | Killed a deep elf blademaster
 32753 | Elf:3    | Reached XP level 19. HP: 129/129 MP: 15/19
 32779 | Elf:3    | Reached skill level 25 in Dodging
 32820 | Elf:3    | Identified the ring "Luheqydd" {rF+ rC+ Will+ Str-2 Int+2}
 33119 | Elf:3    | You pick up a book of Lightning and begin reading...
 33119 | Elf:3    | You add the spells Vhi's Electric Charge, Arcjolt and
                  | Plasma Beam to your library.
 33127 | Elf:3    | Identified the staff "Naex" {Fragile rElec rPois rN+ Hexes
                  | Necro Poison}
 33145 | Elf:3    | You pick up a book of Armaments and begin reading...
 33145 | Elf:3    | You add the spells Stone Arrow and Lehudib's Crystal Spear
                  | to your library.
 33173 | Elf:3    | Found the +3 pair of mountain boots {steadfast, rC+}
 33181 | Elf:3    | You add the spells Malign Gateway and Summon Horrible
                  | Things to your library.
 33204 | Elf:3    | You add the spells Borgnjor's Revivification and Death's
                  | Door to your library.
 33207 | Elf:3    | You add the spells Gell's Gravitas, Teleport Other and
                  | Dispersal to your library.
 33210 | Elf:3    | You add the spells Simulacrum and Ozocubu's Refrigeration
                  | to your library.
 33210 | Elf:3    | Got the Precepts of the Chill
 33757 | Spider:2 | Noticed Roxanne
 33768 | Spider:2 | Killed Roxanne
 34029 | Spider:2 | Reached skill level 23 in Shapeshifting
 34483 | Spider:2 | Noticed Arachne
 34500 | Spider:2 | Killed Arachne
 35130 | Spider:3 | Noticed Mara
 35144 | Spider:3 | Noticed ytrimaz's illusion
 35149 | Spider:3 | Killed Mara
 35150 | Spider:3 | Reached skill level 26 in Dodging
 35513 | Spider:4 | Entered Level 4 of the Spider Nest
 35709 | Spider:4 | Got the Exposition on Mutagenic Bedrock
 36261 | Spider:4 | Reached skill level 27 in Dodging
 36310 | Spider:4 | Got a gossamer rune of Zot
 36634 | Vaults:1 | Entered Level 1 of the Vaults
 36791 | Vaults:1 | Reached XP level 20. HP: 147/147 MP: 20/20
 36913 | Vaults:1 | Reached skill level 24 in Shapeshifting
 37303 | Vaults:1 | Found Ihaddot's Book Shoppe.
 37515 | Vaults:1 | Reached skill level 25 in Shapeshifting
 38586 | Vaults:2 | Reached skill level 26 in Shapeshifting
 39501 | Vaults:3 | Reached XP level 21. HP: 153/153 MP: 21/21
 39547 | Vaults:3 | Identified the +8 sling of Hoidgh {heavy, Drain rF+ rN+
                  | Int+5}
 39615 | Vaults:3 | Reached skill level 27 in Shapeshifting
 40182 | Vaults:3 | Found a staircase to the Crypt.
 40182 | Vaults:3 | Found a basalt altar of Yredelemnul.
 40183 | Vaults:3 | Found an ancient bone altar of Kikubaaqudgha.
 40243 | Vaults:3 | Reached skill level 11 in Fighting
 40651 | Vaults:4 | Found Ofiuhi Hatu's Weapon Shoppe.
 41140 | Vaults:4 | Noticed Zenata
 41146 | Vaults:4 | Killed Zenata
 41147 | Vaults:4 | Reached skill level 12 in Fighting
 41373 | Vaults:4 | Reached skill level 21 in Unarmed Combat
 41501 | Vaults:4 | You pick up a book of Geomancy and begin reading...
 41501 | Vaults:4 | You add the spells Sandblast, Passwall and Brom's
                  | Barrelling Boulder to your library.
 41512 | Vaults:4 | Noticed Norris
 41523 | Vaults:4 | Killed Norris
 41944 | Vaults:4 | Reached skill level 13 in Fighting
 42265 | Vaults:5 | Entered Level 5 of the Vaults
 42269 | Vaults:5 | Reached XP level 22. HP: 147/170 MP: 13/22
 42286 | Vaults:5 | Noticed a golden dragon
 42290 | Vaults:5 | Reached skill level 14 in Fighting
 42455 | Vaults:4 | Reached skill level 22 in Unarmed Combat
 42484 | Vaults:4 | Killed a golden dragon
 42484 | Vaults:4 | Identified +0 gold dragon scales
 43032 | Vaults:5 | Noticed an ancient lich
 43137 | Vaults:5 | Killed an ancient lich
 43327 | Vaults:5 | Reached skill level 15 in Fighting
 43382 | Vaults:5 | Identified the staff "Faghus" {rN+ Str-5 Summ Necro Earth}
 43564 | Vaults:5 | Identified the amulet "Athreq" {Reflect Will- Dex+5 SH+5}
 43679 | Vaults:5 | a deep elf high priest comes into view. It is wielding a +0
                  | long sword and wearing the +1 robe of Vines {NoPotionHeal
                  | Regen++++}.
 43703 | Vaults:5 | Identified the +0 arbalest of the Scorching Oracle {drain,
                  | rC+ Str+3 Dex+4}
 43732 | Vaults:5 | Reached skill level 23 in Unarmed Combat
 43746 | Vaults:5 | Identified the storm talisman of the Pure Knaves {Dex+3}
 44141 | Vaults:5 | Reached skill level 16 in Fighting
 44278 | Vaults:5 | Got a silver rune of Zot
 44506 | Vaults:5 | You pick up a book of Dreams and begin reading...
 44506 | Vaults:5 | You add the spells Jinxbite, Ensorcelled Hibernation and
                  | Anguish to your library.
 44570 | Vaults:5 | You add the spells Irradiate and Discord to your library.
 44570 | Vaults:5 | Got Doesoh's Atlas of the Transformed Fairies
 44686 | Vaults:5 | You pick up a book of Burglary and begin reading...
 44848 | Vaults:5 | Found the +9 sword of Power {lifebolt}
 44864 | Vaults:5 | Identified the amulet "Nekkus" {Reflect rN+ rCorr Dex+3
                  | SH+5}
 45320 | Slime:1  | Entered Level 1 of the Pits of Slime
 45412 | Slime:1  | Reached XP level 23. HP: 185/185 MP: 23/23
 46661 | Slime:5  | Entered Level 5 of the Pits of Slime
 46695 | Slime:5  | Reached skill level 17 in Fighting
 46728 | Slime:5  | Gained mutation: You are frail. (-10% HP) [a shining eye]
 46730 | Slime:5  | Gained mutation: You are very frail. (-20% HP) [a shining
                  | eye]
 46733 | Slime:5  | Lost mutation: You are very frail. (-20% HP) [potion of
                  | mutation]
 46733 | Slime:5  | Lost mutation: You are frail. (-10% HP) [potion of
                  | mutation]
 46733 | Slime:5  | Gained mutation: You are robust. (+10% HP) [potion of
                  | mutation]
 46733 | Slime:5  | Gained mutation: You have a pair of small horns on your
                  | head. [potion of mutation]
 46733 | Slime:5  | Gained mutation: You possess an exceptional clarity of
                  | mind. [potion of mutation]
 46733 | Slime:5  | Gained mutation: You passively map a small area around you.
                  | [potion of mutation]
 46860 | Slime:5  | Noticed the Royal Jelly
 46866 | Slime:5  | Found the macabre finger necklace {Finger+ rN+}
 46882 | Slime:5  | Killed the Royal Jelly
 46895 | Slime:5  | Reached skill level 24 in Unarmed Combat
 46912 | Slime:5  | Lost mutation: You are robust. (+10% HP) [a shining eye]
 47161 | Slime:5  | You pick up a book of the Warp and begin reading...
 47193 | Slime:5  | Identified the +0 ring mail "Lonus" {Rampage rElec}
 47201 | Slime:5  | Identified the granite talisman of Tiung {rC+ MP+9 Str-4}
 47262 | Slime:5  | Identified the ring "Wagiacaf" {rElec Will+ Dex+6}
 47323 | Slime:5  | You pick up a book of the Hunter and begin reading...
 47323 | Slime:5  | You add the spells Sigil of Binding, Dimensional Bullseye
                  | and Leda's Liquefaction to your library.
 47327 | Slime:5  | Got a slimy rune of Zot
 47368 | Slime:5  | Identified the +5 sling "Bajass" {antimagic, rF+ rC+ Int+3
                  | Dex+4}
 48166 | Depths:1 | Entered Level 1 of the Depths
 48412 | Depths:1 | Reached skill level 18 in Fighting
 48415 | Depths:1 | You are sucked into a shaft and drop 1 floor!
 48438 | Depths:2 | Noticed a golden dragon
 48447 | Depths:2 | Killed a golden dragon
 48660 | Depths:2 | You pick up a book of Debilitation and begin reading...
 48660 | Depths:2 | You add the spells Slow and Confusing Touch to your
                  | library.
 48898 | Depths:2 | Reached XP level 24. HP: 179/200 MP: 23/23
 48902 | Depths:2 | Reached skill level 25 in Unarmed Combat
 48906 | Depths:2 | Reached skill level 19 in Fighting
 49074 | Depths:2 | Noticed a caustic shrike
 49080 | Depths:2 | Killed a caustic shrike
 49247 | Depths:2 | Found a gateway to Hell.
 49263 | Depths:2 | Found a one-way gate leading to the halls of Pandemonium.
 49284 | Depths:2 | Found the +8 arc blade {discharge, rElec}
 49380 | Depths:2 | Noticed an ancient lich
 49403 | Depths:2 | Killed an ancient lich
 49513 | Depths:2 | Identified the +7 halberd "Fytrusm" {heavy, Int+4}
 49818 | Depths:3 | HP: 39/203 [??? (29)]
 50226 | Depths:3 | You pick up a book of Touch and begin reading...
 50226 | Depths:3 | You add the spells Kiss of Death and Dispel Undead to your
                  | library.
 50242 | Depths:3 | Found Irugez's Distillery.
 50247 | Depths:3 | Identified the +3 short sword of Eternal Vigilance {drain,
                  | rElec}
 50252 | Depths:3 | Bought a potion of haste for 160 gold pieces
 50252 | Depths:3 | Bought a potion of haste for 160 gold pieces
 50268 | Depths:3 | Found a one-way gateway to a ziggurat.
 50272 | Depths:3 | Reached skill level 20 in Fighting
 50883 | Depths:3 | Identified the +2 leather armour "Omotrug" {rC+}
 50955 | Depths:3 | Found a glowing silver altar of Zin.
 50955 | Depths:3 | Noticed Mennas
 50973 | Depths:3 | Killed Mennas
 51279 | Depths:3 | Acquired the +0 pair of gloves "Pesukh" {rC+ rN+}
 51313 | Depths:3 | Identified the +0 scale mail "Timommyl" {rC++ Will+ MP-9
                  | Slay+3}
 51447 | Depths:4 | Entered Level 4 of the Depths
 51463 | Depths:4 | Reached skill level 26 in Unarmed Combat
 51552 | Depths:4 | Noticed a juggernaut
 51558 | Depths:4 | Killed a juggernaut
 51597 | Depths:4 | Reached skill level 21 in Fighting
 52039 | Depths:4 | Found a gate to the Realm of Zot.
 52046 | Depths:4 | Reached XP level 25. HP: 202/214 MP: 23/23
 52159 | Depths:4 | Found Qohenak's Book Shoppe.
 52161 | Depths:4 | Found Ruuly's Jewellery Boutique.
 52162 | Depths:4 | Found Niyj's Book Shoppe.
 52338 | Depths:3 | Voluntarily entered the Abyss.
 52430 | Abyss:1  | Found a corrupted altar of Lugonu.
 52634 | Abyss:2  | Found a corrupted altar of Lugonu.
 52678 | Abyss:2  | Found a basalt altar of Yredelemnul.
 52728 | Abyss:2  | Found a basalt altar of Yredelemnul.
 52977 | Abyss:3  | Found a corrupted altar of Lugonu.
 52996 | Abyss:3  | Got an abyssal rune of Zot
 53000 | Depths:3 | You pass through the gate.
 53000 | Depths:3 | Escaped the Abyss
 53300 | Hell     | Entered the Vestibule of Hell
 53301 | Hell     | Noticed Geryon
 53328 | Hell     | Reached skill level 27 in Unarmed Combat
 53328 | Hell     | Killed Geryon
 53347 | Hell     | Reached skill level 22 in Fighting
 53649 | Hell     | Found a gateway to the Iron City of Dis.
 53660 | Dis:1    | Entered Level 1 of the Iron City of Dis
 54006 | Dis:2    | Noticed a caustic shrike
 54013 | Dis:2    | Killed a caustic shrike
 54213 | Dis:2    | Reached skill level 23 in Fighting
 54623 | Dis:3    | Noticed a caustic shrike
 54623 | Dis:3    | Noticed a caustic shrike
 54623 | Dis:3    | Noticed a caustic shrike
 54630 | Dis:3    | Killed a caustic shrike
 54635 | Dis:3    | Killed a caustic shrike
 54646 | Dis:3    | Noticed a caustic shrike
 54660 | Dis:3    | Killed a caustic shrike
 54665 | Dis:3    | Killed a caustic shrike
 55089 | Dis:5    | Noticed a caustic shrike
 55094 | Dis:5    | Noticed a caustic shrike
 55095 | Dis:5    | Noticed a caustic shrike
 55096 | Dis:5    | Reached skill level 24 in Fighting
 55096 | Dis:5    | Noticed a caustic shrike
 55098 | Dis:5    | Killed a caustic shrike
 55103 | Dis:5    | Killed a caustic shrike
 55103 | Dis:5    | Killed a caustic shrike
 55108 | Dis:5    | Killed a caustic shrike
 55159 | Dis:6    | Reached XP level 26. HP: 124/232 MP: 23/23
 55374 | Dis:6    | HP: 44/233 [??? (34)]
 55786 | Dis:7    | Entered Level 7 of the Iron City of Dis
 56228 | Dis:7    | Reached skill level 25 in Fighting
 56694 | Dis:7    | Noticed a caustic shrike
 56894 | Dis:7    | Noticed a caustic shrike
 56905 | Dis:7    | Killed a caustic shrike
 57035 | Dis:7    | Killed a caustic shrike
 57079 | Dis:7    | Noticed a caustic shrike
 57079 | Dis:7    | Noticed a caustic shrike
 57082 | Dis:7    | Killed a caustic shrike
 57088 | Dis:7    | Killed a caustic shrike
 57103 | Dis:7    | Reached skill level 26 in Fighting
 57345 | Dis:7    | Noticed a juggernaut
 57352 | Dis:7    | Killed a juggernaut
 57537 | Dis:7    | Noticed a caustic shrike
 57544 | Dis:7    | Killed a caustic shrike
 57707 | Dis:7    | Identified the ring of the Blushing Gods {rElec rN+ MP+9
                  | Dex+4}
 57707 | Dis:7    | Noticed Dispater
 57728 | Dis:7    | Killed Dispater
 57770 | Dis:7    | You pick up a book of the Dragon and begin reading...
 57770 | Dis:7    | You add the spells Cause Fear, Fireball and Dragon's Call
                  | to your library.
 57773 | Dis:7    | Got an iron rune of Zot
 57775 | Dis:7    | Got the Guide on Bad Luck and Causimancy
 58024 | Hell     | Found a gateway to the decaying netherworld of Tartarus.
 58084 | Tar:1    | Entered Level 1 of Tartarus
 58095 | Tar:1    | Reached skill level 27 in Fighting
 58098 | Tar:1    | Reached skill level 1 in Stealth
 58110 | Tar:1    | Reached skill level 2 in Stealth
 58131 | Tar:1    | Reached skill level 3 in Stealth
 58423 | Tar:1    | Reached skill level 4 in Stealth
 58504 | Tar:2    | Reached skill level 5 in Stealth
 58526 | Tar:2    | Noticed a dread lich
 58532 | Tar:2    | Paralysed by something for 2 turns
 58536 | Tar:2    | Paralysed by something for 5 turns
 58547 | Tar:2    | Paralysed by something for 3 turns
 58550 | Tar:2    | Killed a dread lich
 58551 | Tar:2    | Reached skill level 6 in Stealth
 58559 | Tar:2    | HP: 72/314 [bone dragon (13)]
 58925 | Tar:2    | Reached skill level 7 in Stealth
 59055 | Tar:3    | You fall into a shaft and drop 2 floors!
 59095 | Tar:5    | Reached skill level 8 in Stealth
 59190 | Tar:5    | Reached XP level 27. HP: 219/231 MP: 23/23
 59196 | Tar:5    | Reached skill level 9 in Stealth
 59520 | Tar:6    | Noticed an ancient lich
 59526 | Tar:6    | Killed an ancient lich
 59527 | Tar:6    | Reached skill level 10 in Stealth
 59761 | Tar:6    | Reached skill level 11 in Stealth
 59911 | Tar:6    | Reached skill level 12 in Stealth
 60008 | Tar:7    | Entered Level 7 of Tartarus
 60167 | Tar:7    | Reached skill level 13 in Stealth
 60453 | Tar:7    | Reached skill level 14 in Stealth
 60644 | Tar:7    | Reached skill level 15 in Stealth
 61498 | Tar:7    | Noticed Ereshkigal
 61499 | Tar:7    | Reached skill level 16 in Stealth
 61527 | Tar:7    | Killed Ereshkigal
 61808 | Tar:7    | Reached skill level 17 in Stealth
 61960 | Tar:7    | Identified the +10 dagger of the Walnut {flame, rC+}
 62404 | Tar:7    | Got a bone rune of Zot
 62459 | Tar:7    | Reached skill level 18 in Stealth
 62849 | Hell     | Found a gateway to the freezing wastes of Cocytus.
 62964 | Coc:1    | Entered Level 1 of Cocytus
 63199 | Coc:2    | Reached skill level 19 in Stealth
 63715 | Coc:3    | Paralysed by a wendigo for 1 turns
 63734 | Coc:3    | Reached skill level 20 in Stealth
 64087 | Coc:4    | Noticed a dread lich
 64092 | Coc:4    | Killed a dread lich
 64096 | Coc:4    | Paralysed by a wendigo for 1 turns
 64182 | Coc:4    | Paralysed by a wendigo for 1 turns
 64238 | Coc:5    | Reached skill level 21 in Stealth
 64770 | Coc:6    | Reached skill level 22 in Stealth
 65105 | Coc:7    | Entered Level 7 of Cocytus
 65170 | Coc:7    | Reached skill level 23 in Stealth
 65834 | Coc:7    | Reached skill level 24 in Stealth
 65846 | Coc:7    | HP: 72/300 [Ice Fiend/bolt of cold (6)]
 65851 | Coc:7    | HP: 50/300 [??? (10)]
 66846 | Coc:7    | Noticed Antaeus
 66849 | Coc:7    | Reached skill level 25 in Stealth
 66860 | Coc:7    | Got an icy rune of Zot
 66897 | Coc:7    | Killed Antaeus
 67114 | Coc:7    | Paralysed by a wendigo for 1 turns
 67322 | Coc:7    | Paralysed by a wendigo for 1 turns
 67356 | Coc:7    | You pick up a book of Conjurations and begin reading...
 67356 | Coc:7    | You add the spells Magic Dart and Searing Ray to your
                  | library.
 67671 | Hell     | Found a gateway to the ashen valley of Gehenna.
 67947 | Geh:1    | Entered Level 1 of Gehenna
 67968 | Geh:1    | Noticed a dread lich
 67970 | Geh:1    | Paralysed by a dread lich for 4 turns
 67973 | Geh:1    | Noticed an ancient lich
 68118 | Depths:3 | Upgraded the game from 0.31-a0-1165-g196b491b36 to
                  | 0.31-a0-1172-g9944ec47dd
 68118 | Depths:3 | magus.rc [v1.9.6]
 68266 | Geh:1    | Killed a dread lich
 68267 | Geh:1    | Reached skill level 26 in Stealth
 68271 | Geh:1    | Killed an ancient lich
 68947 | Geh:3    | Reached skill level 27 in Stealth
 69001 | Geh:4    | Reached skill level 1 in Spellcasting
 69015 | Geh:4    | Reached skill level 2 in Spellcasting
 69074 | Geh:4    | Reached skill level 3 in Spellcasting
 69289 | Geh:4    | Reached skill level 4 in Spellcasting
 69468 | Geh:5    | HP: 62/249 [spore (15)]
 69473 | Geh:5    | HP: 43/249 [something (2)]
 69900 | Geh:5    | Reached skill level 5 in Spellcasting
 69968 | Geh:5    | Reached skill level 6 in Spellcasting
 70520 | Geh:7    | Entered Level 7 of Gehenna
 70629 | Geh:7    | Reached skill level 7 in Spellcasting
 70887 | Geh:7    | Reached skill level 8 in Spellcasting
 71030 | Geh:7    | You pick up a book of Decay and begin reading...
 71087 | Geh:7    | Reached skill level 9 in Spellcasting
 71470 | Geh:7    | Reached skill level 10 in Spellcasting
 71678 | Geh:7    | Noticed the Serpent of Hell
 71694 | Geh:7    | Killed the Serpent of Hell
 71929 | Geh:7    | Reached skill level 11 in Spellcasting
 71942 | Geh:7    | Identified the +4 dagger of the Beloved God {flame, Int-2
                  | Dex+4}
 71944 | Geh:7    | You add the spells Alistair's Intoxication and Borgnjor's
                  | Vile Clutch to your library.
 72089 | Geh:7    | Found the +13 sceptre of Asmodeus
 72089 | Geh:7    | Noticed Asmodeus
 72089 | Geh:7    | Asmodeus is wielding the +13 sceptre of Asmodeus.
 72092 | Geh:7    | Aim: Asmodeus, wielding the +13 sceptre of Asmodeus
                  | (surrounded by flames, asleep, 100% to hit)
 72092 | Geh:7    | Aim: Asmodeus, wielding the +13 sceptre of Asmodeus
                  | (surrounded by flames, asleep, 100% to hit)
 72101 | Geh:7    | Killed Asmodeus
 72158 | Geh:7    | Identified the staff of Maclaph {rElec Int+5 Air}
 72166 | Geh:7    | Identified the +0 buckler of the Watchman {rC++}
 72180 | Geh:7    | Identified a +2 crystal plate armour
 72208 | Geh:7    | Got an obsidian rune of Zot
 72426 | Depths:3 | Learned a level 2 spell: Wereblood
 72432 | Depths:3 | Learned a level 5 spell: Irradiate
 72484 | Pan      | Entered Pandemonium
 72499 | Pan      | Identified the +7 hand axe of an ice cave {flame, Str-5
                  | Dex+4 SInv}
 72560 | Pan      | Reached skill level 1 in Transmutations
 72653 | Pan      | Found a white marble altar of Elyvilon.
 72665 | Pan      | Reached skill level 12 in Spellcasting
 72665 | Pan      | Reached skill level 2 in Transmutations
 72675 | Pan      | Reached skill level 3 in Transmutations
 72694 | Pan      | Reached skill level 4 in Transmutations
 72726 | Pan      | Noticed a pearl dragon
 72747 | Pan      | Reached skill level 5 in Transmutations
 72752 | Pan      | Killed a pearl dragon
 72752 | Pan      | Identified +0 pearl dragon scales
 72957 | Pan      | Reached skill level 6 in Transmutations
 73115 | Pan      | Reached skill level 7 in Transmutations
 73181 | Pan      | Reached skill level 8 in Transmutations
 73206 | Pan      | Noticed a pearl dragon
 73213 | Pan      | Killed a pearl dragon
 73345 | Pan      | Reached skill level 9 in Transmutations
 73361 | Pan      | Identified the +0 buckler "Igae" {rPois Str+3}
 73447 | Pan      | Reached skill level 10 in Transmutations
 73602 | Pan      | Reached skill level 11 in Transmutations
 73685 | Pan      | Identified +0 pearl dragon scales
 73685 | Pan      | Noticed a seraph
 73687 | Pan      | Identified the +0 tower shield of Eternity {rF- Str+5}
 73692 | Pan      | Found a glowing golden altar of the Shining One.
 73696 | Pan      | Killed a seraph
 73697 | Pan      | Reached skill level 12 in Transmutations
 73728 | Pan      | Identified the +0 cloak "Cogeas" {rElec Will+ Regen+ Dex+3}
 73744 | Pan      | Identified the ring of Roasumosh {rCorr SInv}
 73761 | Pan      | Got a demonic rune of Zot
 73768 | Pan      | Identified the +5 great sword of a Gauntlet {freeze, rN++
                  | Int-5 Dex+7}
 73886 | Pan      | Entered the realm of Mnoleg.
 73961 | Pan      | Found an exit through the horrors of the Abyss.
 74020 | Pan      | Learned a level 5 spell: Yara's Violent Unravelling
 74150 | Pan      | Reached skill level 13 in Transmutations
 74242 | Pan      | Gained mutation: You are vulnerable to cold. (rC-) [a
                  | cacodemon]
 74251 | Pan      | Gained mutation: You are frail. (-10% HP) [a neqoxec]
 74272 | Pan      | Gained mutation: You are dopey. (Int -2) [a neqoxec]
 74362 | Pan      | Gained mutation: You occasionally lose the ability to read
                  | scrolls when taking damage. [a neqoxec]
 74419 | Pan      | Noticed Mnoleg
 74446 | Pan      | Killed Mnoleg
 74447 | Pan      | Reached skill level 14 in Transmutations
 74467 | Pan      | Got a glowing rune of Zot
 74666 | Pan      | Gained mutation: You are agile. (Dex +4, Str/Int -1) [a
                  | cacodemon]
 74827 | Pan      | You pick up a book of Power and begin reading...
 74827 | Pan      | You add the spells Iskenderun's Battlesphere, Bombard and
                  | Spellforged Servitor to your library.
 74851 | Pan      | Lost mutation: You are frail. (-10% HP) [potion of
                  | mutation]
 74851 | Pan      | Lost mutation: You have a pair of small horns on your head.
                  | [potion of mutation]
 74856 | Pan      | Reached skill level 15 in Transmutations
 74968 | Pan      | Reached skill level 16 in Transmutations
 75024 | Pan      | Noticed Kinnol the pandemonium lord
 75036 | Pan      | HP: 58/249 [??? (41)]
 75045 | Pan      | Killed Kinnol the pandemonium lord
 75311 | Pan      | Reached skill level 17 in Transmutations
 75699 | Pan      | Lost mutation: You are dopey. (Int -2) [potion of mutation]
 75699 | Pan      | Lost mutation: You possess an exceptional clarity of mind.
                  | [potion of mutation]
 75929 | Pan      | Reached skill level 18 in Transmutations
 76136 | Pan      | Noticed Aklirar the pandemonium lord
 76140 | Pan      | Killed Aklirar the pandemonium lord
 76569 | Pan      | Found an exit through the horrors of the Abyss.
 76956 | Pan      | Reached skill level 19 in Transmutations
 77099 | Pan      | Noticed Fixtiara the pandemonium lord
 77116 | Pan      | Killed Fixtiara the pandemonium lord
 77406 | Pan      | Found an exit through the horrors of the Abyss.
 77864 | Pan      | Entered the realm of Cerebov.
 77969 | Pan      | Found an exit through the horrors of the Abyss.
 78063 | Pan      | Found the +6 sword of Cerebov {flame}
 78063 | Pan      | Noticed Cerebov
 78063 | Pan      | Cerebov, Demon Lord of Fire and Steel comes into view. They
                  | are wielding the +6 sword of Cerebov {flame}.
 78074 | Pan      | Reached skill level 20 in Transmutations
 78084 | Pan      | Killed Cerebov
 78088 | Pan      | HP: 62/249 [balrug/+2 antimagic demon whip (11)]
 78091 | Pan      | HP: 22/249 [??? (17)]
 78102 | Pan      | HP: 13/249 [balrug/fireball (18)]
 78286 | Pan      | Identified the ring of Bodily Harmony {rElec rPois rCorr
                  | Stlth+}
 78544 | Pan      | Reached skill level 21 in Transmutations
 78605 | Pan      | Got a fiery rune of Zot
 78632 | Pan      | Identified the ring of Sin {Fly MP-9 Int+4}
 78654 | Pan      | Identified the +8 dagger of Untimely Demise {drain, Dex+3}
 78657 | Pan      | Identified the +8 falchion "Jixin" {pain, +Blink}
 78707 | Pan      | You pick up a book of Air and begin reading...
 78762 | Pan      | You pick up a book of Hexes and begin reading...
 78765 | Pan      | Identified the +1 scale mail of Generosity {Drain rElec
                  | Str+5 Int+6}
 79211 | Pan      | Noticed Bykhaome the pandemonium lord
 79220 | Pan      | Killed Bykhaome the pandemonium lord
 79450 | Pan      | Acquired 1175 gold pieces
 79575 | Pan      | Reached skill level 22 in Transmutations
 79597 | Pan      | Entered the realm of Lom Lobon.
 79816 | Pan      | Noticed Lom Lobon
 79840 | Pan      | HP: 42/244 [Lom Lobon/great icy blast (44)]
 79842 | Pan      | Killed Lom Lobon
 80243 | Pan      | Reached skill level 23 in Transmutations
 80592 | Pan      | Found an exit through the horrors of the Abyss.
 80722 | Pan      | Got a magical rune of Zot
 80820 | Pan      | Entered the realm of Gloorx Vloq.
 81170 | Pan      | Identified the +3 whip "Spiderslayer" {heavy, rElec Will+}
 81238 | Pan      | Reached skill level 24 in Transmutations
 81435 | Pan      | Noticed Gloorx Vloq
 81446 | Pan      | Noticed a curse skull
 81449 | Pan      | Killed Gloorx Vloq
 81450 | Pan      | Noticed a curse skull
 81459 | Pan      | Reached skill level 13 in Spellcasting
 81460 | Pan      | Killed a curse skull
 81460 | Pan      | HP: 50/249 [??? (31)]
 81462 | Pan      | Killed a curse skull
 82059 | Pan      | Got a dark rune of Zot
 82184 | Pan      | Found an exit through the horrors of the Abyss.
 82197 | Pan      | Took an exit into the Abyss.
 82197 | Abyss:3  | You pass through the gate.
 82197 | Abyss:3  | Escaped into the Abyss
 82208 | Abyss:3  | Reached skill level 14 in Spellcasting
 82290 | Depths:3 | You pass through the gate.
 82290 | Depths:3 | Escaped the Abyss
 82726 | Depths:1 | Noticed a juggernaut
 82730 | Depths:1 | Killed a juggernaut
 82794 | Depths:1 | Noticed an ancient lich
 82802 | Depths:1 | Reached skill level 15 in Spellcasting
 82826 | Depths:1 | Killed an ancient lich
 83277 | Crypt:1  | Entered Level 1 of the Crypt
 83435 | Crypt:1  | Noticed Xtahua
 83436 | Crypt:1  | Identified the serpent talisman of Repulsion {Int+3}
 83436 | Crypt:1  | Noticed Aizul
 83448 | Crypt:1  | Killed Aizul
 83453 | Crypt:1  | Killed Xtahua
 83475 | Crypt:1  | Reached skill level 16 in Spellcasting
 83900 | Crypt:2  | Noticed Sojobo
 83921 | Crypt:2  | Killed Sojobo
 84431 | Crypt:2  | Reached skill level 17 in Spellcasting
 84677 | Crypt:3  | Entered Level 3 of the Crypt
 84808 | Crypt:3  | Noticed Boris
 84813 | Crypt:3  | Killed Boris
 84823 | Crypt:3  | Found a basalt altar of Yredelemnul.
 84823 | Crypt:3  | Noticed Margery
 84832 | Crypt:3  | Noticed Grunn
 84832 | Crypt:3  | Killed Margery
 84855 | Crypt:3  | Reached skill level 18 in Spellcasting
 84858 | Crypt:3  | Killed Grunn
 84890 | Crypt:3  | Identified the +7 spear of the Insatiable Mice {drain,
                  | Str+3 Stlth+}
 85106 | Crypt:3  | Reached skill level 1 in Conjurations
 85125 | Crypt:3  | Reached skill level 2 in Conjurations
 85238 | Crypt:3  | Reached skill level 3 in Conjurations
 85351 | Crypt:3  | Reached skill level 4 in Conjurations
 85407 | Crypt:3  | Identified a ring of Getuah {rElec rN+ rCorr Dex+4}
 85407 | Crypt:3  | Identified a ring "Funatuw" {*Slow rF+ rN+ Str+3 Dex+4}
 85642 | Crypt:3  | Found a staircase to the Tomb.
 85642 | Crypt:3  | Identified the +1 leather armour of Wonderful Liberty
                  | {rCorr Str+5}
 85642 | Crypt:3  | Noticed Khufu
 85651 | Crypt:3  | Killed Khufu
 85652 | Crypt:3  | Reached skill level 5 in Conjurations
 85674 | Crypt:3  | Identified the +0 helmet of Vaiw {Contam rPois Str+5}
 85855 | Tomb:1   | Entered Level 1 of the Tomb of the Ancients
 86260 | Tomb:1   | Reached skill level 6 in Conjurations
 86505 | Tomb:1   | Noticed a royal mummy
 86507 | Tomb:1   | Reached skill level 7 in Conjurations
 86517 | Tomb:1   | Killed a royal mummy
 86949 | Tomb:2   | Noticed a royal mummy
 86974 | Tomb:2   | Killed a royal mummy
 86975 | Tomb:2   | Reached skill level 8 in Conjurations
 86985 | Tomb:2   | Noticed a royal mummy
 86987 | Tomb:2   | Noticed a royal mummy
 86997 | Tomb:2   | Killed a royal mummy
 86997 | Tomb:2   | HP: 40/249 [torment (25)]
 87000 | Tomb:2   | Killed a royal mummy
 87011 | Tomb:2   | HP: 54/249 [mummy (8)]
 87017 | Tomb:2   | HP: 49/249 [ettin skeleton (7)]
 87392 | Tomb:2   | Reached skill level 9 in Conjurations
 87411 | Tomb:2   | Noticed a royal mummy
 87437 | Tomb:2   | Killed a royal mummy
 87877 | Tomb:1   | Noticed a royal mummy
 87878 | Tomb:1   | Noticed a royal mummy
 87878 | Tomb:1   | Noticed a royal mummy
 87878 | Tomb:1   | Noticed a royal mummy
 87878 | Tomb:1   | Noticed a royal mummy
 87878 | Tomb:1   | Noticed a royal mummy
 87884 | Tomb:1   | Killed a royal mummy
 87885 | Tomb:1   | Reached skill level 10 in Conjurations
 87887 | Tomb:1   | Killed a royal mummy
 87888 | Tomb:1   | Killed a royal mummy
 87889 | Tomb:1   | HP: 41/240 [??? (25)]
 87893 | Tomb:1   | Killed a royal mummy
 87893 | Tomb:1   | HP: 16/240 [something (26)]
 87894 | Tomb:1   | Killed a royal mummy
 87894 | Tomb:1   | Killed from afar by a royal mummy

Vanquished Creatures
  Cerebov (Pan)
  Antaeus (Coc:7)
  the Royal Jelly (Slime:5)
  Ereshkigal (Tar:7)
  Asmodeus (Geh:7)
  Gloorx Vloq (Pan)
  the Serpent of Hell (Geh:7)
  Mnoleg (Pan)
  Lom Lobon (Pan)
  Dispater (Dis:7)
  A seraph (Pan)
  Khufu (Crypt:3)
  2 dread liches
  5 ancient liches
  Mara (Spider:3)
  3 juggernauts
  Mennas (Depths:3)
  10 royal mummies
  Sojobo (Crypt:2)
  Boris (Crypt:3)
  17 shard shrikes
  13 caustic shrikes
  the Lernaean hydra (Swamp:4)
  Margery (Crypt:3)
  Geryon (Hell)
  Xtahua (Crypt:1)
  3 golden dragons
  Nikola (Swamp:3)
  Arachne (Spider:2)
  6 profane servitors
  14 bone dragons
  Norris (Vaults:4)
  13 Brimstone Fiends
  5 doom hounds
  22 Tzitzimimeh
  A tentacled monstrosity (Depths:2)
  2 pearl dragons (Pan)
  18 hellephants
  10 iron giants
  19 Hell Sentinels
  34 Ice Fiends
  A deep elf blademaster (Elf:3)
  4 liches
  Jorgrun (Swamp:2)
  Zenata (Vaults:4)
  A walking crystal tome (Depths:4)
  12 titans
  19 tainted leviathans
  3 deep elf master archers
  15 searing wretches
  Grunn (Crypt:3)
  2 quicksilver dragons
  10 sphinxes
  3 tentacled starspawn
  20 acid blobs
  Frances (Swamp:2)
  23 ancient champions
  A thorn hunter (Swamp:3)
  23 Executioners (Pan)
  Gastronok (Lair:2)
  4 tengu reavers
  Agnes (Elf:1)
  8 shadow dragons
  Aizul (Crypt:1)
  5 storm dragons
  Kirke (D:14)
  8 daevas
  Roxanne (Spider:2)
  5 revenants
  3 demonspawn warmongers (Pan)
  12 azure jellies
  17 fire giants
  8 rockslimes
  11 frost giants
  11 narguns
  3 iron dragons
  7 quicksilver elementals
  24 vault wardens
  4 ghost moths
  7 emperor scorpions
  6 deep elf sorcerers
  A juggernaut zombie (Crypt:1)
  5 deep elf elementalists (Elf:3)
  7 spectral juggernauts
  4 orc warlords
  2 curse skulls (Pan)
  9 ghouls
  9 shard shrike simulacra
  27 war gargoyles
  10 reapers
  13 very ugly things
  9 ironbound preservers
  24 balrugs
  2 draconian shifters (Abyss:3)
  9 quicksilver oozes
  A demonspawn corrupter (Pan)
  2 draconian annihilators (Pan)
  21 angels
  11 cacodemons (Pan)
  2 demonspawn blood saints (Pan)
  A caustic shrike skeleton (Pan)
  6 formless jellyfish
  22 elemental wellsprings
  2 broodmothers
  4 pandemonium lords (Pan)
  16 stone giants
  7 putrid mouths
  15 vampire knights
  6 ironbound thunderhulks
  A juggernaut skeleton (Depths:1)
  8 ophanim (Pan)
  8 bennus (Tomb:2)
  8 deep elf demonologists
  A green draconian (Depths:4)
  2 eleionomae
  9 deep elf annihilators
  4 bunyips
  3 purple draconians (Depths:4)
  4 lorocyprocas
  A minotaur (Gauntlet)
  A spectral titan (Tar:2)
  21 apis (Pan)
  14 dire elephants
  A yellow draconian (Depths:4)
  10 spark wasps
  2 red draconians (Depths:4)
  3 white draconians (Depths:4)
  13 wendigos
  4 eidola
  14 iron golems
  3 spectral quicksilver dragons
  9 deep elf death magi
  13 blizzard demons
  8 fire dragons
  5 crystal guardians
  13 mummy priests
  20 yaktaur captains
  11 green deaths
  6 entropy weavers
  10 ettins
  19 jiangshi
  7 spectral spriggans
  13 great orbs of eyes
  5 deep elf high priests
  17 hydras
  5 peacekeepers
  11 caustic shrike simulacra
  32 vault guards
  11 juggernaut simulacra
  2 quicksilver dragon skeletons
  3 hell beasts
  5 ice dragons
  5 salamander tyrants
  A jorogumo (Spider:2)
  An ogre mage (Vaults:5)
  12 ironbound frosthearts
  A spriggan skeleton (Pan)
  2 radroaches (Spider:2)
  2 catoblepae
  7 rakshasas
  4 spriggan air magi
  3 ghost crabs
  A centaur warrior (D:14)
  9 stokers
  7 two-headed ogres
  6 death knights
  7 boulder beetles
  A deep troll earth mage (Vaults:5)
  15 alligators
  35 hell hogs
  A sphinx skeleton (Depths:3)
  6 vampire magi
  4 deep troll shamans
  6 tengu warriors
  32 dancing weapons
  2 spriggan berserkers (Depths:4)
  5 death yaks (Lair:3)
  7 orc high priests
  12 death scarabs
  6 demonic crawlers
  A spectral dire elephant (Tar:1)
  7 occultists
  13 deep elf knights
  2 wretched stars
  17 hell knights
  9 crystal echidnas
  26 sun demons
  7 spriggans
  27 soul eaters
  Amaemon (Lair:1)
  A spatial maelstrom (Abyss:3)
  26 shadow wraiths
  2 iron trolls (Depths:4)
  2 pharaoh ants
  2 sun moths
  A storm dragon skeleton (D:15)
  A goliath frog (shapeshifter) (Elf:2)
  25 skeletal warriors
  8 goliath frogs
  33 deep trolls
  15 sixfirhies
  5 skysharks
  A spectral iron dragon (Tar:6)
  A shadow dragon zombie (Crypt:2)
  A spectral hydra (Tar:2)
  14 swamp dragons
  4 quicksilver dragon simulacra
  A deep troll (shapeshifter) (Depths:3)
  5 spriggan druids
  A shadow demon (Pan)
  3 spriggan simulacra
  An anaconda zombie (Crypt:2)
  7 orb spiders
  A bunyip skeleton (Hell)
  17 phantasmal warriors
  3 bog bodies
  11 deep elf archers
  5 glowing orange brains
  17 cherubim
  2 sea snakes (shapeshifter)
  8 flayed ghosts
  2 tengu zombies (Depths:1)
  6 steelbarb worms
  23 ironbound convokers
  8 lindwurms
  16 necromancers
  28 deep elf zephyrmancers
  13 arcanists
  20 orc knights
  A fenstrider witch simulacrum (Coc:2)
  2 iron dragon zombies
  A wolf spider (shapeshifter) (Depths:2)
  An anaconda skeleton (Pan)
  A harpy (Vaults:2)
  38 deep elf pyromancers
  12 wolf spiders
  9 orc sorcerers
  41 ugly things
  A faun (shapeshifter) (Depths:2)
  A spectral ettin (Tar:1)
  3 will-o-the-wisps
  3 shining eyes
  36 large abominations
  4 manticores
  A salamander (shapeshifter) (Elf:2)
  6 cyclopes
  A frost giant zombie (Depths:3)
  3 elephants
  An iron dragon skeleton (Pan)
  A stone giant skeleton (Vaults:4)
  4 rust devils
  4 moths of wrath
  17 vault sentinels
  An apocalypse crab (Abyss:2)
  A fire giant skeleton (Depths:1)
  72 slime creatures
  A human skeleton (Vaults:4)
  8 black mambas
  29 smoke demons
  6 kobold blastminers
  An eye of devastation (Slime:5)
  A naga zombie (Crypt:1)
  3 titan simulacra
  An eye of devastation (shapeshifter) (Vaults:5)
  A gargoyle (D:14)
  3 torpor snails
  13 orange demons
  2 centaur skeletons (Pan)
  A dire elephant skeleton (Pan)
  A purple draconian zombie (Crypt:1)
  A storm dragon simulacrum (Depths:3)
  8 unseen horrors
  23 cane toads
  8 efreet
  8 freezing wraiths
  An elf zombie (Vaults:2)
  9 komodo dragons
  An unseen horror zombie (D:8)
  65 yaktaurs
  18 hellions
  3 human zombies
  2 kobold demonologists
  25 tormentors
  5 ice devils
  3 ancient zymes (Abyss:2)
  A catoblepas skeleton (Crypt:1)
  An iron giant simulacrum (Coc:3)
  A bunyip simulacrum (Coc:2)
  3 spectral nagas
  A sea snake zombie (Hell)
  10 tengu conjurers
  3 silent spectres
  2 golden dragon simulacra
  28 guardian mummies
  A mana viper zombie (Crypt:2)
  5 trolls
  2 bloated husks (Swamp:2)
  2 anaconda simulacra
  A sea snake skeleton (Hell)
  5 spectral harpies
  A red devil (Pan)
  4 polar bears
  A shadow dragon simulacrum (Coc:1)
  2 hydra zombies (Hell)
  A harpy zombie (Crypt:1)
  9 hornets
  10 tyrant leeches
  A tarantella (shapeshifter) (Depths:2)
  18 hellwings
  A glass eye (Depths:1)
  37 blink frogs
  3 iron dragon simulacra
  5 dream sheep (Lair:4)
  12 tarantellas
  A tarantella zombie (Crypt:2)
  6 raiju
  A dream sheep (shapeshifter) (Vaults:5)
  2 hydra skeletons
  3 centaur simulacra
  A stone giant simulacrum (Coc:6)
  A spriggan zombie (D:15)
  7 air elementals
  2 ettin skeletons
  7 wraiths
  A fire dragon skeleton (Crypt:2)
  32 jumping spiders
  5 shadows
  11 ynoxinuls (Pan)
  69 flying skulls
  4 wyverns
  11 water elementals
  19 culicivoras
  8 dire elephant simulacra
  6 small abominations
  3 ushabtiu
  40 yaks
  A hog (D:14)
  3 fire elementals
  A hog (shapeshifter) (D:13)
  A golden eye (Slime:5)
  An alligator snapping turtle simulacrum (Coc:1)
  43 redbacks
  4 basilisks
  2 steam dragons
  21 neqoxecs
  12 vampire mosquitoes
  8 wargs
  A spatial vortex (Abyss:3)
  11 chaos spawn
  A glowing shapeshifter zombie (Depths:3)
  11 harpy simulacra
  24 swamp worms
  3 hydra simulacra
  6 water moccasins
  5 hell hounds (Hell)
  An acid dragon (D:13)
  A water nymph skeleton (Crypt:1)
  9 swamp drakes
  A naga skeleton (Pan)
  A sky beast (D:7)
  25 orc warriors
  3 ice beasts
  A black bear (Lair:4)
  4 ettin simulacra
  A black mamba simulacrum (Hell)
  8 ogres
  A snapping turtle skeleton (Crypt:2)
  39 wolves
  A hog zombie (Crypt:1)
  12 centaurs
  An elf simulacrum (Vaults:4)
  A salamander zombie (Crypt:1)
  5 kobold brigands
  2 brain worms (Pan)
  20 bullfrogs
  A gnoll sergeant (D:9)
  4 earth elementals
  4 scorpions
  5 necrophages
  An ogre simulacrum (Vaults:5)
  12 wights
  21 killer bees
  A raiju skeleton (Crypt:2)
  4 electric eels
  6 howler monkeys
  4 centaur zombies (D:8)
  2 iron imps
  5 jellies
  18 orc priests
  4 hounds
  2 sleepcaps
  3 iguanas
  31 orc wizards
  30 mummies
  6 adders
  A shadow imp (Tar:7)
  5 white imps
  3 ufetubi
  An adder skeleton (Crypt:1)
  A worm (D:5)
  2 dart slugs
  59 orcs
  8 endoplasms
  A giant cockroach (D:3)
  4 goblins
  7 hobgoblins
  24 kobolds
  3 quokkas
  6 ball pythons
  3 bats
  2 frilled lizards
  A kobold skeleton (Crypt:2)
  2 quokka zombies (Crypt:1)
  4 rats
  A rat zombie (Crypt:1)
  4 creeping infernos
  12 fire vortices
  A lurking horror (Abyss:2)
  3 starspawn tentacles
3312 creatures vanquished.

Vanquished Creatures (collateral kills)
  A Brimstone Fiend (Pan)
  A quicksilver dragon zombie (D:15)
  2 dancing weapons (Elf:2)
  A sun demon (Pan)
  An efreet (Pan)
  2 killer bees (D:6)
  A jelly (D:6)
9 creatures vanquished.

Vanquished Creatures (others)
  A dread lich (Tar:2)
  3 shard shrikes (Coc:5)
  2 caustic shrikes
  A golden dragon (Depths:4)
  A profane servitor (Tar:2)
  A bone dragon (Tar:2)
  A Brimstone Fiend (Pan)
  2 hellephants (Geh:7)
  A lich (Depths:2)
  A searing wretch (Geh:7)
  A titan (Coc:3)
  A deep elf master archer (Elf:3)
  An eldritch tentacle (Pan)
  A shadow dragon (Vaults:5)
  A tengu reaver (Vaults:4)
  A draconian monk (Depths:4)
  2 rockslimes
  A fire giant (Geh:2)
  A quicksilver elemental (Dis:7)
  An orc warlord (Vaults:1)
  3 ironbound preservers
  2 shard shrike simulacra
  A stone giant (Depths:3)
  A putrid mouth (Tar:7)
  3 elemental wellsprings
  An eleionoma (Swamp:2)
  A lorocyproca (Pan)
  A wendigo (Coc:7)
  An iron golem (Dis:2)
  A deep elf death mage (Elf:3)
  A yaktaur captain (Vaults:4)
  A jiangshi (Depths:1)
  A spectral spriggan (Tar:6)
  A great orb of eyes (Depths:2)
  A caustic shrike simulacrum (Coc:4)
  A hydra (Swamp:1)
  A vault guard (Vaults:5)
  2 occultists (Pan)
  4 deep elf knights
  A deep troll (Vaults:4)
  An ironbound convoker (Vaults:4)
  A lindwurm (Vaults:1)
  2 deep elf zephyrmancers
  An arcanist (Pan)
  A wolf spider (Spider:3)
  An ugly thing (Vaults:4)
  A smoke demon (Pan)
  A titan simulacrum (Coc:4)
  An eye of devastation (Depths:3)
  3 yaktaurs
  2 hellions
  A tormentor (Coc:5)
  2 anaconda simulacra
  2 iron giant simulacra
  A bloated husk (Swamp:3)
  An alligator simulacrum (Hell)
  2 stone giant simulacra
  A spriggan (Swamp:4)
  A jumping spider (Spider:2)
  3 culicivoras
  An alligator snapping turtle simulacrum (Coc:3)
  A dire elephant simulacrum (Coc:7)
  2 harpy simulacra (Coc:7)
  A quasit (Abyss:1)
  A shadow imp (Tar:7)
  An orc (Vaults:5)
  6 ball lightnings (Pan)
  8 creeping infernos
  A fire vortex (Geh:1)
  6 foxfires
  4 starspawn tentacles
115 creatures vanquished.

Grand Total: 3436 creatures vanquished

Table legend:
 A = Non-vault XP
 B = Vault XP
 C = Vault XP percentage of total XP
 D = Non-vault monster count
 E = Vault monster count
 F = Vault count percentage of total count
                 A         B        C        D         E       F
            +---------+---------+-------+---------+---------+-------
      Total | 1210788 | 1205822 |  49.9 |    2020 |    1319 |  39.5
            +---------+---------+-------+---------+---------+-------
        D:1 |      37 |       0 |   0.0 |      21 |       0 |   0.0
        D:2 |      37 |       0 |   0.0 |      10 |       0 |   0.0
        D:3 |      98 |     113 |  53.6 |      16 |      11 |  40.7
        D:4 |     156 |       0 |   0.0 |      10 |       0 |   0.0
        D:5 |     372 |     334 |  47.3 |      15 |       6 |  28.6
        D:6 |    1100 |     153 |  12.2 |      27 |       6 |  18.2
        D:7 |    1063 |       0 |   0.0 |      21 |       0 |   0.0
        D:8 |    1902 |     834 |  30.5 |      17 |       9 |  34.6
        D:9 |    2477 |    1331 |  35.0 |      20 |       6 |  23.1
       D:10 |    2184 |       0 |   0.0 |      17 |       0 |   0.0
       D:11 |    1793 |     391 |  17.9 |       6 |       2 |  25.0
       D:12 |    4172 |       0 |   0.0 |      21 |       0 |   0.0
       D:13 |    5268 |    2425 |  31.5 |      24 |       4 |  14.3
       D:14 |    5362 |    1592 |  22.9 |      14 |       2 |  12.5
       D:15 |    2026 |    4801 |  70.3 |       4 |       7 |  63.6
     Lair:1 |    5896 |    2003 |  25.4 |      26 |       3 |  10.3
     Lair:2 |    4918 |    4260 |  46.4 |      22 |       8 |  26.7
     Lair:3 |   13902 |     403 |   2.8 |      53 |       2 |   3.6
     Lair:4 |    9363 |    5071 |  35.1 |      29 |      11 |  27.5
     Lair:5 |   11052 |    9178 |  45.4 |      48 |      32 |  40.0
    Swamp:1 |    5022 |       0 |   0.0 |      13 |       0 |   0.0
    Swamp:2 |   15449 |    3295 |  17.6 |      29 |       2 |   6.5
    Swamp:3 |   11699 |    2132 |  15.4 |      22 |       1 |   4.3
    Swamp:4 |   12926 |   15902 |  55.2 |      27 |      22 |  44.9
   Spider:1 |    7492 |       0 |   0.0 |      22 |       0 |   0.0
   Spider:2 |   21370 |   10560 |  33.1 |      61 |      15 |  19.7
   Spider:3 |    5165 |    4230 |  45.0 |      14 |       1 |   6.7
   Spider:4 |    1459 |   20872 |  93.5 |       4 |      41 |  91.1
    Slime:1 |    8851 |       0 |   0.0 |      13 |       0 |   0.0
    Slime:2 |    7152 |       0 |   0.0 |      11 |       0 |   0.0
    Slime:3 |    7020 |       0 |   0.0 |      10 |       0 |   0.0
    Slime:4 |    7677 |       0 |   0.0 |       9 |       0 |   0.0
    Slime:5 |   10990 |   27853 |  71.7 |      23 |      23 |  50.0
      Orc:1 |    2664 |   12383 |  82.3 |      27 |      32 |  54.2
      Orc:2 |    4445 |   10828 |  70.9 |      23 |      35 |  60.3
      Elf:1 |   26047 |    6808 |  20.7 |      44 |      13 |  22.8
      Elf:2 |   20067 |   21116 |  51.3 |      37 |      30 |  44.8
      Elf:3 |   12051 |   30050 |  71.4 |      25 |      28 |  52.8
   Vaults:1 |   38010 |   26395 |  41.0 |      59 |      44 |  42.7
   Vaults:2 |   14331 |   10449 |  42.2 |      25 |      16 |  39.0
   Vaults:3 |   27178 |   16857 |  38.3 |      45 |      26 |  36.6
   Vaults:4 |   31234 |   36811 |  54.1 |      50 |      46 |  47.9
   Vaults:5 |   22879 |   83938 |  78.6 |      43 |      83 |  65.9
    Crypt:1 |   15819 |    4074 |  20.5 |      31 |       2 |   6.1
    Crypt:2 |   20661 |    6230 |  23.2 |      28 |       5 |  15.2
    Crypt:3 |       0 |   81418 | 100.0 |       0 |     127 | 100.0
     Tomb:1 |    6840 |   46204 |  87.1 |      29 |      33 |  53.2
     Tomb:2 |   15320 |   26358 |  63.2 |      35 |      37 |  51.4
   Depths:1 |   21446 |   33772 |  61.2 |      27 |      29 |  51.8
   Depths:2 |    3368 |   76599 |  95.8 |      11 |      87 |  88.8
   Depths:3 |   31929 |   20317 |  38.9 |      47 |      21 |  30.9
   Depths:4 |   37656 |   16798 |  30.8 |      38 |      15 |  28.3
       Hell |   19957 |   25262 |  55.9 |      29 |      31 |  51.7
      Dis:1 |   14486 |       0 |   0.0 |      13 |       0 |   0.0
      Dis:2 |    7326 |    9371 |  56.1 |       7 |       8 |  53.3
      Dis:3 |   28189 |       0 |   0.0 |      17 |       0 |   0.0
      Dis:4 |    6951 |       0 |   0.0 |       6 |       0 |   0.0
      Dis:5 |   14377 |       0 |   0.0 |       8 |       0 |   0.0
      Dis:6 |   11668 |       0 |   0.0 |      12 |       0 |   0.0
      Dis:7 |   11999 |   76556 |  86.5 |      11 |      45 |  80.4
      Geh:1 |   27803 |       0 |   0.0 |      22 |       0 |   0.0
      Geh:2 |   17202 |       0 |   0.0 |      19 |       0 |   0.0
      Geh:3 |    6344 |       0 |   0.0 |       4 |       0 |   0.0
      Geh:4 |   17634 |       0 |   0.0 |      14 |       0 |   0.0
      Geh:5 |   13923 |       0 |   0.0 |      13 |       0 |   0.0
      Geh:6 |    3916 |       0 |   0.0 |       2 |       0 |   0.0
      Geh:7 |   20446 |   67077 |  76.6 |      15 |      41 |  73.2
      Coc:1 |   10843 |       0 |   0.0 |      15 |       0 |   0.0
      Coc:2 |   13133 |       0 |   0.0 |      19 |       0 |   0.0
      Coc:3 |   21145 |       0 |   0.0 |      27 |       0 |   0.0
      Coc:4 |   13572 |       0 |   0.0 |      13 |       0 |   0.0
      Coc:5 |   32339 |       0 |   0.0 |      25 |       0 |   0.0
      Coc:6 |   21219 |       0 |   0.0 |      25 |       0 |   0.0
      Coc:7 |   37071 |   65528 |  63.9 |      33 |      46 |  58.2
      Tar:1 |   10885 |       0 |   0.0 |      12 |       0 |   0.0
      Tar:2 |   18272 |       0 |   0.0 |      16 |       0 |   0.0
      Tar:3 |    1186 |       0 |   0.0 |       1 |       0 |   0.0
      Tar:5 |    9195 |   13105 |  58.8 |       6 |       9 |  60.0
      Tar:6 |   15976 |    9925 |  38.3 |      11 |      13 |  54.2
      Tar:7 |   23972 |   80596 |  77.1 |      14 |      56 |  80.0
    Abyss:1 |    6154 |       0 |   0.0 |      15 |       0 |   0.0
    Abyss:2 |   12681 |       0 |   0.0 |      21 |       0 |   0.0
    Abyss:3 |    1411 |   16344 |  92.1 |       5 |      16 |  76.2
        Pan |  192118 |  153083 |  44.3 |     267 |     126 |  32.1
   Gauntlet |       0 |    3837 | 100.0 |       0 |       5 | 100.0
            +---------+---------+-------+---------+---------+-------

Skill      XL: |  1  2  3  4  5  6  7  8  9 10 11 12 13 14 15 16 17 18 19 20 21 22 23 24 25 26 27 |
---------------+----------------------------------------------------------------------------------+-----
Unarmed Combat | 4 5 6 7 8 10 12 13 15 17 19 20 21 23 24 26 27 | 27.0
Dodging        | 3 9 11 14 15 17 20 23 24 27 | 27.0
Shapeshifting  | 8 11 15 16 17 20 22 23 26 27 | 27.0
Fighting       | 7 9 10 13 16 18 21 24 27 | 27.0
Stealth        | 8 27 | 27.0
Spellcasting   | 18 | 18.4
Transmutations | 24 | 24.0
Conjurations   | 10 | 10.7

Action                     |  1- 3 |  4- 6 |  7- 9 | 10-12 | 13-15 | 16-18 | 19-21 | 22-24 | 25-27 || total
---------------------------+-------+-------+-------+-------+-------+-------+-------+-------+-------++-------
  Melee: Unarmed           |    86 |   102 |   319 |   489 |   706 |   776 |  1133 |   954 |  3956 ||  8521
         Punch             |     2 |     6 |     7 |       |       |       |       |       |       ||    15
         Tailslap          |       |       |       |    22 |    93 |    91 |    19 |       |    63 ||   288
         Bite              |       |       |       |    19 |    80 |    49 |    14 |       |     1 ||   163
         Headbutt          |       |       |       |       |       |       |       |       |   442 ||   442
   Cast: Wereblood         |       |       |       |       |       |       |       |       |    21 ||    21
         Irradiate         |       |       |       |       |       |       |       |       |     4 ||     4
         Yara's Violent Un |       |       |       |       |       |       |       |       |     2 ||     2
 Invoke: Sacrifice a Hand  |       |       |     1 |       |       |       |       |       |       ||     1
         Reject Sacrifices |       |       |       |     1 |       |       |       |       |       ||     1
         Sacrifice Durabil |       |       |       |     1 |       |       |       |       |       ||     1
         Apocalypse        |       |       |       |       |     4 |     7 |     2 |     1 |    11 ||    25
         Sacrifice Purity  |       |       |       |       |     1 |       |       |       |       ||     1
         Power Leap        |       |       |       |       |     3 |     1 |     8 |       |     3 ||    15
         Sacrifice Artific |       |       |       |       |     1 |       |       |       |       ||     1
Ability: Breathe Fire      |       |       |       |     5 |     8 |    12 |     2 |       |       ||    27
         Begin Untransform |       |       |       |       |       |       |     1 |       |       ||     1
         Blinkbolt         |       |       |       |       |       |       |     1 |     2 |    38 ||    41
  Evoke: Wand              |       |       |     1 |    17 |       |       |       |       |       ||    18
    Use: Potion            |       |     1 |     5 |     2 |     4 |     4 |     2 |     5 |    13 ||    36
         Scroll            |       |     4 |     4 |    15 |     7 |     5 |       |     1 |     5 ||    41
   Stab: Sleeping          |     1 |       |     2 |       |     5 |     1 |     4 |     4 |    54 ||    71
         Invisible         |       |       |     3 |       |     5 |    10 |     7 |     1 |    30 ||    56
         Distracted        |       |       |     1 |     2 |     8 |     6 |    11 |     7 |    82 ||   117
         Confused          |       |       |       |     1 |       |       |       |       |       ||     1
         Paralysed         |       |       |       |       |     5 |     8 |     3 |       |    32 ||    48
         Petrifying        |       |       |       |       |     1 |       |       |       |       ||     1
 Armour: Animal skin       |    32 |    61 |   129 |       |       |       |       |       |       ||   222
         Skin              |       |     2 |       |   198 |   434 |   417 |   504 |   144 |   986 ||  2685
         Steam dragon scal |       |       |    71 |    22 |       |    91 |       |       |       ||   184
  Dodge: Dodged            |    38 |    59 |   341 |   516 |   610 |   710 |  1939 |  1111 |  4557 ||  9881
  Block: Other             |       |       |       |       |       |       |       |    19 |   329 ||   348
         Reflection        |       |       |       |       |       |       |       |       |     7 ||     7
   Form: Flux              |       |       |       |     1 |       |       |       |       |       ||     1
         Dragon            |       |       |       |     1 |       |     3 |     1 |       |     1 ||     6
         Blade             |       |       |       |       |       |     3 |     1 |       |       ||     4
         Statue            |       |       |       |       |       |       |     1 |       |     2 ||     3
         Storm             |       |       |       |       |       |       |     1 |     1 |     2 ||     4
                           |       |       |       |       |       |       |       |     1 |       ||     1
         Death             |       |       |       |       |       |       |       |       |     1 ||     1

Illustrated notes

Table legend:
 A = Kills in this place as a percentage of kills in the entire game.
 B = Kills by you in this place as a percentage of kills by you in the entire game.
 C = Kills by friends in this place as a percentage of kills by friends in the entire game.
 D = Other kills in this place as a percentage of other kills in the entire game.
 E = Experience gained in this place as a percentage of experience gained in the entire game.
 F = Experience gained in this place divided by the number of levels of this place that you have seen.
                   A       B       C       D       E      F
               +-------+-------+-------+-------+-------+----------------------
         Total | 100.0 | 100.0 | 100.0 | 100.0 | 100.0 | 25173.0
       Dungeon |   8.9 |   8.9 |  44.4 |   0.0 |   1.7 | 2668.1
          Lair |   7.0 |   7.1 |   0.0 |   0.0 |   2.7 | 13209.2
         Swamp |   3.5 |   3.5 |   0.0 |   5.3 |   2.7 | 16606.2
   Spider Nest |   4.7 |   4.7 |   0.0 |   7.0 |   2.9 | 17787.0
    Slime Pits |   2.7 |   2.7 |   0.0 |   1.8 |   2.9 | 13908.6
  Orcish Mines |   3.5 |   3.6 |   0.0 |   0.0 |   1.3 | 15160.0
   Elven Halls |   5.3 |   5.2 |  22.2 |   7.0 |   4.8 | 38713.0
        Vaults |  13.1 |  13.0 |   0.0 |  21.1 |  12.7 | 61616.4
         Crypt |   5.8 |   5.9 |   0.0 |   0.0 |   5.3 | 42734.0
          Tomb |   4.0 |   4.1 |   0.0 |   0.0 |   3.9 | 47361.0
        Depths |   8.2 |   8.2 |   0.0 |  12.3 |  10.0 | 60471.2
          Hell |   1.8 |   1.8 |   0.0 |   0.0 |   1.9 | 45219.0
           Dis |   3.8 |   3.8 |   0.0 |   7.0 |   7.5 | 25846.1
       Gehenna |   3.9 |   3.8 |   0.0 |   8.8 |   7.2 | 24906.4
       Cocytus |   6.1 |   5.9 |   0.0 |  17.5 |   8.9 | 30692.9
      Tartarus |   4.1 |   4.1 |   0.0 |   8.8 |   7.6 | 30518.7
         Abyss |   1.7 |   1.7 |   0.0 |   0.0 |   1.5 | 9147.5
   Pandemonium |  11.8 |  11.9 |  33.3 |   3.5 |  14.3 | 34520.1
      Gauntlet |   0.1 |   0.2 |   0.0 |   0.0 |   0.2 | 3837.0
               +-------+-------+-------+-------+-------+----------------------

Table legend: (Time is in decaauts)
 A = Elapsed time spent in this place.
 B = Non-inter-level travel time spent in this place.
 C = Inter-level travel time spent in this place.
 D = Time resting spent in this place.
 E = Time spent auto-exploring this place.
 F = Levels seen in this place.
 G = Mean time per level.
                   A        B        C        D        E       F      G
               +--------+--------+--------+--------+--------+-----+--------+
         Total |  90566 |  84304 |   6262 |  11374 |  53719 |  96 |  943.4 |
       Dungeon |  16789 |  14712 |   2077 |   1471 |  10842 |  15 | 1119.3 |
        Temple |     29 |     17 |     12 |      0 |      0 |   1 |   29.0 |
          Lair |   5757 |   4785 |    972 |    275 |   3312 |   5 | 1151.4 |
         Swamp |   3004 |   2870 |    134 |    427 |   1761 |   4 |  751.0 |
   Spider Nest |   4915 |   4549 |    366 |      8 |   3525 |   4 | 1228.8 |
    Slime Pits |   2592 |   2479 |    113 |    203 |   1773 |   5 |  518.4 |
  Orcish Mines |   2372 |   2260 |    112 |     54 |   1768 |   2 | 1186.0 |
   Elven Halls |   4077 |   3869 |    208 |    475 |   2375 |   3 | 1359.0 |
        Vaults |   9449 |   8866 |    583 |    896 |   6084 |   5 | 1889.8 |
         Crypt |   2412 |   2360 |     52 |    167 |   1555 |   3 |  804.0 |
          Tomb |   1970 |   1955 |     15 |    597 |    926 |   2 |  985.0 |
        Depths |   5241 |   4721 |    520 |    642 |   3197 |   4 | 1310.2 |
          Hell |   1752 |   1666 |     86 |    676 |    597 |   1 | 1752.0 |
           Dis |   3981 |   3783 |    198 |   1317 |   1769 |   7 |  568.7 |
       Gehenna |   3647 |   3403 |    244 |    719 |   1640 |   7 |  521.0 |
       Cocytus |   5783 |   5648 |    135 |   2147 |   1965 |   7 |  826.1 |
      Tartarus |   6406 |   5974 |    432 |    430 |   4389 |   6 | 1067.7 |
         Abyss |    690 |    690 |      0 |      0 |    399 |   4 |  172.5 |
   Pandemonium |   9268 |   9268 |      0 |    762 |   5686 |  10 |  926.8 |
      Gauntlet |    425 |    425 |      0 |    103 |    152 |   1 |  425.0 |
               +--------+--------+--------+--------+--------+-----+--------+

Top non-repeatable levels by time:
   Tar:7: 3737 daAuts
   Coc:7: 3141 daAuts
Vaults:4: 2553 daAuts
Vaults:1: 2281 daAuts
Depths:3: 2085 daAuts
   Dis:7: 1975 daAuts
     D:9: 1910 daAuts
   Geh:7: 1755 daAuts
    Hell: 1752 daAuts
Spider:2: 1704 daAuts
Vaults:5: 1642 daAuts
Vaults:2: 1628 daAuts
   Elf:3: 1583 daAuts
Depths:2: 1543 daAuts
    D:14: 1531 daAuts
